 Dungeon Crawl Stone Soup version 0.32-a0-427-g448f42529f (webtiles) character file.

Game seed: 2011183883544883800

16154364 Mousus6 the Merry Goblin (level 27, 213/213 HPs)
             Began as a Coglin Hexslinger on Feb 22, 2024.
             Was an Initiate of Gozag.
             Escaped with the Orb
             ... and 15 runes
             ... and 1 gem!
             The game lasted 05:52:17 (97376 turns).

Mousus6 the Merry Goblin (Coglin Hexslinger)       Turns: 97376, Time: 05:52:18

Health: 213/213    AC: 19    Str: 13    XL:     27
Magic:  55/55      EV: 49    Int: 17    God:    Gozag
Gold:   14558      SH:  0    Dex: 47    Spells: 7/65 levels left

rFire   + + +        C - +7 hand cannon "Mule" {flame, backblast, rF+}
rCold   + + +        q - +9 hand cannon (chaos) {Rabi}
rNeg    + + +        a - +2 robe {rC+ rF+}
rPois   ∞            J - +2 helmet of Benevolence {Rampage Will+ Regen+ Dex+6}
rElec   +            m - scarf {repulsion}
rCorr   +            T - +1 pair of gloves of Rotation {rF+}
SInv    +            d - +4 pair of boots "Hatin" {rC+ MP+9 SInv}
Will    ++++.        V - amulet of the Meadowlark {Spirit +Blink Int-2 Dex+7}
Stlth   +++          O - ring "Zyhudem" {+Blink rElec rCorr Str+6 Dex+6}
HPRegen 1.35/turn    M - ring of the Mage {Wiz Archmagi}
MPRegen 0.34/turn

%: repel missiles, guardian spirit, rampage, wizardry (x1), archmagi
@: death-form, studying 3 skills
A: vile attack, torment immunity, no potions, off-hand wielding, slow wielding,
warmup strikes, legs shutdown, iridescent scales 1, clever 1, frail 1, wild
magic 1
0: Orb of Zot
}: 15/15 runes: decaying, serpentine, slimy, silver, golden, iron, obsidian,
icy, bone, abyssal, demonic, glowing, magical, fiery, dark
a: Siphon Essence, Begin Untransformation, Renounce Religion, Evoke Blink,
Potion Petition, Call Merchant, Bribe Branch


You escaped.
You worshipped Gozag.
Gozag was extremely pleased with you.
You were an undying horror.
You visited 18 branches of the dungeon, and saw 88 of its levels.
You visited Pandemonium 1 time, and saw 24 of its levels.
You visited the Abyss 1 time.
You also visited: Gauntlet, Ice Cave and Wizlab.

You collected 59810 gold pieces.
You spent 11692 gold pieces at shops.
You paid 33560 gold pieces to Gozag.

Inventory:

Hand Weapons
 q - a +9 hand cannon of chaos (offhand) {Rabi}
 C - the +7 hand cannon "Mule" (weapon) {flame, backblast, rF+}
   (You bought it in a shop on level 14 of the Dungeon)

   rF+:       It protects you from fire.
Armour
 a - a +2 robe of resistance (worn)
 d - the +4 pair of boots "Hatin" (worn) {rC+ MP+9 SInv}
   (You acquired it on level 2 of the Vaults)

   rC+:       It protects you from cold.
   MP+9:      It affects your magic capacity (+9).
   SInv:      It lets you see invisible.
 m - a scarf of repulsion (worn)
 J - the +2 helmet of Benevolence (worn) {Rampage Will+ Regen+ Dex+6}
   (You found it on level 1 of the Depths)

   Dex+6:     It affects your dexterity (+6).
   Will+:     It increases your willpower.
   Regen+:    It increases your rate of health regeneration.
   Rampage:   It bestows one free step when moving towards enemies.
 L - the +2 robe of Naagrek {Rampage Will+ Dex+3 SInv}
   (You found it on level 4 of the Depths)

   Dex+3:     It affects your dexterity (+3).
   Will+:     It increases your willpower.
   SInv:      It lets you see invisible.
   Rampage:   It bestows one free step when moving towards enemies.
 T - the +1 pair of gloves of Rotation (worn) {rF+}
   (You acquired it on level 5 of the Vaults)

   rF+:       It protects you from fire.
Jewellery
 y - the ring of Bosenu {rPois rF++ Stlth-}
   (You found it on level 2 of the Depths)

   [ring of poison resistance]

   rF++:      It greatly protects you from fire.
   rPois:     It protects you from poison Stlth-: It makes you less stealthy.
 E - the ring of Secrets {Wiz rF+ Will+}
   (You found it on level 7 of the Iron City of Dis)

   [ring of wizardry]

   Wiz:       It improves your spell success rate.
   rF+:       It protects you from fire.
   Will+:     It increases your willpower.
 M - the ring of the Mage (right grasper) {Wiz Archmagi}
   (You found it on level 5 of the Pits of Slime)

   [ring of wizardry]

   Wiz:       It improves your spell success rate.
   Archmagi:  It increases the power of your magical spells.
 O - the ring "Zyhudem" (left grasper) {+Blink rElec rCorr Str+6 Dex+6}
   (You found it in a Gauntlet)

   [ring of strength]

   Str+6:     It affects your strength (+6).
   Dex+6:     It affects your dexterity (+6).
   rElec:     It insulates you from electricity.
   +Blink:    It lets you blink.
   rCorr:     It protects you from acid and corrosion.
 Q - the ring "Hara" {Ice Fly Str+4}
   (You found it on level 1 of the Depths)

   [ring of ice]

   Ice:       It enhances your ice magic.
   Str+4:     It affects your strength (+4).
   rF-:       It makes you vulnerable to fire.
   rC+:       It protects you from cold.
   Fly:       It grants you flight.
 V - the amulet of the Meadowlark (around neck) {Spirit +Blink Int-2 Dex+7}
   (You found it on level 14 of the Dungeon)

   [amulet of guardian spirit]

   Spirit:    It causes incoming damage to be divided between your reserves of
   health and magic.
   Int-2:     It affects your intelligence (-2).
   Dex+7:     It affects your dexterity (+7).
   +Blink:    It lets you blink.
Talismans
 e - a talisman of death (active)
Wands
 o - a wand of roots (67)
 B - a wand of quicksilver (24)
 F - a wand of digging (36)
Scrolls
 f - 5 scrolls of silence
 g - 37 scrolls of teleportation
 l - 7 scrolls of vulnerability
 n - 5 scrolls of torment
 r - 9 scrolls of immolation
 w - 3 scrolls of enchant weapon
 x - 14 scrolls of fear
 A - 16 scrolls of enchant armour
 H - 8 scrolls of blinking
 K - 18 scrolls of amnesia
 P - 15 scrolls of poison
 S - 5 scrolls of fog
 W - 6 scrolls of butterflies
 X - 8 scrolls of revelation
Potions
 b - 12 potions of mutation
 h - a potion of resistance
 i - 33 potions of curing
 j - 9 potions of haste
 t - 7 potions of enlightenment
 u - 6 potions of invisibility
 v - 6 potions of cancellation
 z - 13 potions of brilliance
 D - 5 potions of might
 I - 8 potions of lignification
 N - 6 potions of magic
 R - 5 potions of ambrosia
 U - 21 potions of heal wounds
 Y - 3 potions of berserk rage
Miscellaneous
 c - a lightning rod (4/4)
 k - a condenser vane
 p - a phantom mirror
 s - a figurine of a ziggurat
 Z - a phial of floods


   Skills:
 + Level 23.8 Fighting
 O Level 27 Ranged Weapons
 + Level 14.9 Armour
 + Level 20.1 Dodging
 - Level 15.0 Stealth
 + Level 19.7 Spellcasting
 - Level 20.9 Hexes
 - Level 8.0 Necromancy
 - Level 21.0 Translocations
 - Level 2.4 Fire Magic
 - Level 6.6 Alchemy
 + Level 22.0 Evocations
 - Level 23.0 Shapeshifting


You had 7 spell levels left.
You knew the following spells:

 Your Spells              Type           Power      Damage    Failure   Level
a - Jinxbite              Hex            100%       N/A       1%          2
b - Blink                 Tloc           100%       N/A       1%          2
c - Inner Flame           Hex/Fire       83%        N/A       1%          3
d - Dimensional Bullseye  Hex/Tloc       53%        N/A       1%          4
e - Enfeeble              Hex            53%        N/A       1%          7
f - Cause Fear            Hex            53%        N/A       1%          4
g - Discord               Hex            53%        N/A       2%          8
h - Dispersal             Tloc           53%        N/A       1%          6
i - Silence               Hex/Air        40%        N/A       1%          5
j - Disjunction           Tloc           53%        N/A       2%          8
q - Yara's Violent Unrav  Hex/Alch       44%        3d17      1%          5
w - Fugue of the Fallen   Necr           72%        N/A       1%          3
x - Apportation           Tloc           100%       N/A       1%          1

Your spell library contained the following spells:

 Spells                   Type           Power      Damage    Failure   Level
 Foxfire                  Conj/Fire      100%       2x1d9     1%          1
 Kiss of Death            Conj/Necr      100%       2d13      1%          1
 Necrotise                Necr           100%       1d9       1%          1
 Slow                     Hex            100%       N/A       1%          1
 Sting                    Conj/Alch      100%       1d9       1%          1
 Cigotuvi's Dreadful Rot  Necr/Alch/Air  100%       N/A       1%          2
 Ensorcelled Hibernation  Hex/Ice        100%       N/A       1%          2
 Lesser Beckoning         Tloc           100%       N/A       1%          2
 Mercury Vapours          Alch/Air       100%       N/A       1%          2
 Momentum Strike          Conj/Tloc      100%       3d10      1%          2
 Scorch                   Fire           98%        2d9       1%          2
 Sublimation of Blood     Necr           72%        N/A       1%          2
 Confusing Touch          Hex            100%       N/A       1%          3
 Dazzling Flash           Conj/Hex       100%       N/A       1%          3
 Gell's Gravitas          Tloc           100%       N/A       1%          3
 Sigil of Binding         Hex            100%       N/A       1%          3
 Teleport Other           Tloc           100%       N/A       1%          3
 Tukima's Dance           Hex            100%       N/A       1%          3
 Vampiric Draining        Necr           72%        2d11      1%          3
 Volatile Blastmotes      Fire/Tloc      100%       2d18      1%          3
 Anguish                  Hex/Necr       45%        N/A       1%          4
 Dispel Undead            Necr           72%        3d24      1%          4
 Iskenderun's Mystic Bla  Conj/Tloc      80%        2d16      1%          4
 Manifold Assault         Tloc           100%       N/A       1%          4
 Olgreb's Toxic Radiance  Alch           67%        N/A       1%          4
 Passage of Golubria      Tloc           100%       N/A       1%          4
 Vhi's Electric Charge    Tloc/Air       100%       N/A       1%          4
 Metabolic Englaciation   Hex/Ice        40%        N/A       1%          5
 Summon Forest            Summ/Tloc      40%        N/A       1%          5
 Summon Mana Viper        Hex/Summ       80%        N/A       1%          5
 Freeze                   Ice            100%       1d10      2%          1
 Magic Dart               Conj           100%       1d8       2%          1
 Sandblast                Erth           64%        2d14      2%          1
 Summon Small Mammal      Summ           100%       N/A       2%          1
 Mephitic Cloud           Conj/Alch/Air  47%        N/A       2%          3
 Curse of Agony           Necr           72%        N/A       2%          5
 Call Imp                 Summ           64%        N/A       3%          2
 Searing Ray              Conj           64%        2d6       3%          2
 Static Discharge         Conj/Air       64%        3-6/arc   3%          2
 Ignite Poison            Fire/Alch      58%        N/A       3%          4
 Sticky Flame             Fire/Alch      58%        2d10      3%          4
 Alistair's Intoxication  Alch           44%        N/A       3%          5
 Fulminant Prism          Conj/Alch      26%        3d14      4%          4
 Leda's Liquefaction      Alch/Erth      26%        N/A       4%          4
 Martyr's Knell           Necr/Summ      56%        N/A       4%          4
 Petrify                  Alch/Erth      53%        N/A       4%          4
 Call Canine Familiar     Summ           32%        N/A       6%          3
 Frozen Ramparts          Ice            64%        1d10      6%          3
 Hailstorm                Conj/Ice       32%        3d8       6%          3
 Ozocubu's Armour         Ice            32%        N/A       6%          3
 Passwall                 Erth           32%        N/A       6%          3
 Stone Arrow              Conj/Erth      64%        3d11      6%          3
 Summon Ice Beast         Ice/Summ       32%        N/A       6%          3
 Swiftness                Air            32%        N/A       6%          3
 Borgnjor's Vile Clutch   Necr/Erth      28%        N/A       10%         5
 Flame Wave               Conj/Fire      40%        2d11      11%         4
 Summon Blazeheart Golem  Fire/Summ      40%        N/A       11%         4
 Death Channel            Necr           36%        N/A       11%         6
 Irradiate                Conj/Alch      26%        3d20      12%         5
 Airstrike                Air            16%        2d(3-19)  16%         4
 Animate Armour           Summ/Erth      64%        N/A       16%         4
 Brom's Barrelling Bould  Conj/Erth      32%        2d5       16%         4
 Summon Lightning Spire   Summ/Air       32%        N/A       16%         4
 Eringya's Noxious Bog    Alch           33%        4d6       16%         6
 Malign Gateway           Summ/Tloc      40%        N/A       19%         7
 Fireball                 Conj/Fire      20%        3d10      26%         5
 Arcjolt                  Conj/Air       16%        1d26      38%         5
 Freezing Cloud           Conj/Ice/Air   16%        6-21      38%         5
 Iskenderun's Battlesphe  Conj           32%        2d8       38%         5
 Sculpt Simulacrum        Ice/Alch       26%        N/A       50%         6
 Plasma Beam              Fire/Air       20%        2x1d32    77%         6
 Starburst                Conj/Fire      20%        6d7       77%         6
 Bombard                  Conj/Erth      16%        9d3       89%         6
 Conjure Ball Lightning   Conj/Air       16%        3x3d6     89%         6
 Summon Cactus Giant      Summ           16%        N/A       89%         6
 Haunt                    Necr/Summ      28%        N/A       90%         7
 Orb of Destruction       Conj           16%        9d7       100%        7
 Ozocubu's Refrigeration  Ice            16%        4d11      100%        7
 Spellforged Servitor     Conj/Summ      16%        N/A       100%        7
 Summon Hydra             Summ           16%        N/A       100%        7
 Borgnjor's Revivificati  Necr           36%        N/A       96%         8
 Infestation              Necr           36%        N/A       96%         8
 Ignition                 Fire           24%        3d8       100%        8
 Lehudib's Crystal Spear  Conj/Erth      16%        10d5      100%        8
 Maxwell's Capacitive Co  Air            16%        ∞         100%        8
 Chain Lightning          Conj/Air       16%        3d21      100%        9
 Death's Door             Necr           36%        N/A       100%        9
 Dragon's Call            Summ           16%        N/A       100%        9
 Fire Storm               Conj/Fire      20%        8d5       100%        9
 Polar Vortex             Ice            16%        12d2*     100%        9
 Shatter                  Erth           16%        3d15*     100%        9
 Animate Dead             Necr           Unusable   N/A       N/A         4

Dungeon Overview and Level Annotations

Branches:
Dungeon (15/15)            Temple (1/1) D:7            Lair (5/5) D:11
  Swamp (4/4) Lair:3        Snake (4/4) Lair:2        Slime (5/5) Lair:4
    Orc (2/2) D:9             Elf (3/3) Orc:2        Vaults (5/5) D:14
  Crypt (3/3) Vaults:2       Tomb (3/3) Crypt:3      Depths (4/4) D:15
   Hell (visited)             Dis (7/7) Hell            Geh (7/7) Hell
    Coc (7/7) Hell            Tar (7/7) Hell            Zot (5/5) Depths:4
  IceCv (visited)          WizLab (visited)         Gauntlet (visited)

Altars:
Ashenzari
Cheibriados
Dithmenos
Elyvilon
Fedhas
Gozag
Hepliaklqana
Kikubaaqudgha
Makhleb
Nemelex Xobeh
Okawaru
Qazlal
Ru
Sif Muna
Trog
Uskayaw
Vehumet
Wu Jian
Xom
Yredelemnul
Zin
The Shining One
Beogh
Jiyva
Lugonu

Shops:
D:9 [*??(=![   D:13 *?:   D:14 =*(   Orc:1 *   Orc:2 [(**   Elf:2 !
Elf:3 :=:?   Snake:1 (   Snake:4 =   Vaults:1 (   Vaults:2 *(=?[   Vaults:5 ???
Depths:2 :   Depths:4 *([*

Portals:
Hell: Depths:1 Depths:2 Depths:3 Depths:4
Abyss: Depths:3 Depths:4
Pandemonium: Depths:2 Depths:3 Depths:4
Ziggurat: Depths:4

Annotations:
D:11 1 exclusion
D:14 3 runed translucent doors, autumnrain's ghost, journeyman OpWn
Lair:1 1 runed translucent door, Essalna's ghost, journeyman GrEE
Snake:2 2 transporters


Innate Abilities, Weirdness & Mutations

You are an undying horror.
Your melee and unarmed attacks drain, slow and weaken victims.
You are immune to unholy pain and torment.
You cannot drink.
You are immune to poison.
You can wield a second weapon in your off-hand.
It takes a long time for you to wield or remove held weapons.
Your first few attacks do less damage.
Attacking and casting redirects power from your legs.
You are partially covered in iridescent scales. (AC +2)
Your mind is acute. (Int +4, Str/Dex -1)
You are frail. (-10% HP)
Your spells are a little harder to cast, but a little more powerful.


Message History

A Hell Sentinel comes into view.
The Hell Sentinel moves out of view.
Fire: C) +7 hand cannon "Mule" {flame, backblast, rF+}
Press: ? - help, Shift-Dir - straight line, f - Hell Sentinel
Aim: a Hell Sentinel (93% to hit)
You shoot a bolt.
The bolt hits the Hell Sentinel but does no damage.
You shoot a bolt. The bolt hits the Hell Sentinel.
The Hell Sentinel is lightly wounded.
Fire: C) +7 hand cannon "Mule" {flame, backblast, rF+}
Press: ? - help, Shift-Dir - straight line, f/p - Hell Sentinel
Aim: a Hell Sentinel (lightly wounded, 93% to hit)
You shoot a bolt. The bolt hits the Hell Sentinel!!
The Hell Sentinel is lightly wounded.
You shoot a bolt. The bolt hits the Hell Sentinel!!
The Hell Sentinel is moderately wounded.
The Hell Sentinel gestures at you.
The iron shot is repelled.
Fire: C) +7 hand cannon "Mule" {flame, backblast, rF+}
Press: ? - help, Shift-Dir - straight line, f/p - Hell Sentinel
Aim: a Hell Sentinel (moderately wounded, 93% to hit)
You shoot a bolt. The bolt hits the Hell Sentinel.
The Hell Sentinel appears confused.
The Hell Sentinel is moderately wounded.
You shoot a bolt. The bolt hits the Hell Sentinel!!!
The Hell Sentinel is heavily wounded.
The Hell Sentinel closely misses you. x2
Fire: C) +7 hand cannon "Mule" {flame, backblast, rF+}
Press: ? - help, Shift-Dir - straight line, f/p - Hell Sentinel
Aim: a Hell Sentinel (heavily wounded, confused, 96% to hit)
You shoot a bolt. The bolt hits the Hell Sentinel!!!
The Hell Sentinel is almost dead.
You shoot a bolt. The bolt hits the Hell Sentinel!
You kill the Hell Sentinel!
You now have 14558 gold pieces (gained 18).
Magic restored.
HP restored.
There is a staircase leading out of the dungeon here.
You can't go down here!
You have escaped!

#....#..#######.....######......#
.........#..[....#..........#.#.#
...#..÷..#.#######.##########....
..###.#..#.##......###......###..
#.# #....#.##.######.........##..
..# ####.#.#..###.......#.....#.#
##########.#.##.........##....#..
...........#.#.....[....##....###
.###########.#..z......###.....#
.............##........# #..#..#
.##########..##.......## ##.##.#
.........##..#...#....# ##..####
.#######.##..#..#.....# #....#
.......#.##..#.##....## #.#..##
.>.....#.##..###....## #.#...#
.......#.#...#.#....# #..#..##
.......#.#.#.#......# ##.#...##


There were no monsters in sight!

Vanquished Creatures
  Cerebov (Pan)
  Antaeus (Coc:7)
  Asmodeus (Geh:7)
  Mnoleg (Pan)
  the Royal Jelly (Slime:5)
  Ignacio (Pan)
  Ereshkigal (Tar:7)
  Gloorx Vloq (Pan)
  Lom Lobon (Pan)
  the Serpent of Hell (Geh:7)
  Dispater (Dis:7)
  6 dread liches
  5 orbs of fire (Zot:5)
  9 ancient liches
  4 juggernauts
  The ghost of lurch the Skinwalker, a master FeCj of Vehumet (Depths:1)
  Vv (Zot:3)
  27 royal mummies
  Parghit (Zot:4)
  14 shard shrikes
  10 Killer Klowns (Zot:5)
  9 caustic shrikes
  5 curse toes
  Margery (Depths:1)
  8 golden dragons
  Geryon (Hell)
  11 profane servitors
  21 bone dragons
  20 Brimstone Fiends
  19 Tzitzimimeh
  Nikola (Lair:3)
  12 hellephants
  14 doom hounds
  7 iron giants
  A spectral shard shrike (Tar:3)
  4 electric golems
  A shard shrike zombie (Tomb:3)
  23 Hell Sentinels
  Jorgrun (D:12)
  A walking crystal tome (Depths:2)
  18 tainted leviathans
  27 Ice Fiends
  18 tentacled monstrosities
  6 quicksilver dragons
  7 titans
  26 Orb Guardians
  8 sphinxes
  A deep elf master archer (Elf:3)
  A walking frostbound tome (Depths:3)
  13 acid blobs
  10 liches
  3 deep elf blademasters
  Grunn (Zot:2)
  19 searing wretches
  14 pandemonium lords
  The ghost of Foeck the Severer, an adept MiAl of Elyvilon (Swamp:2)
  23 ancient champions
  9 tentacled starspawn
  39 Executioners
  Gastronok (Lair:3)
  11 death cobs
  5 shadow dragons
  Aizul (Snake:2)
  Frances (Swamp:1)
  11 nagarajas
  5 tengu reavers (Vaults:5)
  11 storm dragons
  9 protean progenitors
  Donald (Swamp:1)
  7 revenants
  16 azure jellies
  8 iron dragons
  4 rockslimes
  10 narguns
  17 demonspawn warmongers (Pan)
  A fenstrider witch (Swamp:2)
  9 vault wardens
  7 quicksilver elementals
  10 frost giants
  9 deep elf sorcerers
  Roxanne (Snake:4)
  2 draconian knights
  2 spectral caustic shrikes (Crypt:3)
  6 draconian shifters
  55 balrugs
  4 caustic shrike zombies
  22 fire giants
  3 draconian scorchers (Zot:4)
  8 shard shrike simulacra
  A juggernaut zombie (Crypt:2)
  10 ghost moths
  An orc warlord (Orc:2)
  4 deep elf elementalists (Elf:3)
  16 demonspawn corrupters
  4 curse skulls
  8 ironbound preservers
  12 quicksilver oozes
  35 reapers
  2 spriggan defenders (Depths:3)
  5 draconian annihilators
  26 cacodemons
  4 ghouls
  9 demonspawn blood saints (Pan)
  16 stone giants
  An angel (Abyss:3)
  11 juggernaut skeletons
  5 ironbound thunderhulks
  3 formless jellyfish
  2 broodmothers (Zot:4)
  10 caustic shrike skeletons
  A starflower (Abyss:3)
  10 deep elf death magi
  6 vampire knights
  11 very ugly things
  6 green draconians
  15 putrid mouths
  5 bennus
  4 eleionomae
  6 deep elf demonologists (Elf:3)
  Nessos (D:14)
  11 dire elephants
  6 purple draconians
  16 demonspawn black suns (Pan)
  14 lorocyprocas (Pan)
  8 deep elf annihilators
  17 wendigos
  30 elemental wellsprings
  A minotaur (Gauntlet)
  3 red draconians
  5 bunyips
  3 black draconians
  3 spark wasps
  4 yellow draconians
  Azrael (D:13)
  16 war gargoyles
  A spectral titan (Tar:2)
  A crystal guardian (Hell)
  4 white draconians
  12 eidola
  3 fire dragons
  15 mummy priests
  13 ettins
  A merfolk javelineer (WizLab)
  4 jiangshi
  A pearl dragon zombie (Depths:4)
  28 green deaths (Pan)
  21 iron golems
  5 deep elf high priests
  36 blizzard demons
  7 spectral spriggans
  2 shambling mangroves
  3 spectral fenstrider witches
  Josephine (Lair:4)
  24 hydras
  9 yaktaur captains
  3 entropy weavers
  10 great orbs of eyes
  3 spectral quicksilver dragons (Crypt:3)
  A quicksilver dragon skeleton (Tomb:2)
  12 salamander tyrants
  8 hell beasts (Pan)
  8 rakshasas
  17 caustic shrike simulacra
  A peacekeeper (Vaults:4)
  3 ice dragons
  2 jorogumos (Pan)
  2 ghost crabs (Swamp:4)
  5 spriggan air magi
  8 ironbound frosthearts
  5 juggernaut simulacra
  18 vault guards
  Erica (D:8)
  7 alligators
  3 centaur warriors
  A death knight (Crypt:2)
  14 stokers
  An ogre mage (Vaults:3)
  A catoblepas (Lair:2)
  12 anacondas
  2 boulder beetles
  3 merfolk aquamancers
  A merfolk avatar (Abyss:3)
  46 dancing weapons
  3 spectral dire elephants
  A spectral stone giant (Tar:1)
  3 two-headed ogres
  4 tengu warriors
  8 deep troll earth magi
  41 death scarabs
  4 demonic crawlers
  6 deep troll shamans
  3 vampire magi (Crypt:2)
  14 naga warriors
  20 naga sharpshooters
  24 hell hogs
  3 titan zombies
  16 death yaks
  4 occultists
  5 spriggan berserkers
  2 thrashing horrors (Abyss:3)
  2 orc high priests (Orc:2)
  6 shock serpents
  4 spectral nagas
  8 spectral storm dragons (Crypt:3)
  4 hellephant skeletons (Pan)
  16 hell knights
  32 soul eaters
  18 deep elf knights
  A skyshark (shapeshifter) (Depths:1)
  84 sun demons
  9 crystal echidnas
  10 wretched stars
  4 titan skeletons
  A golden dragon zombie (Tar:7)
  A salamander mystic (Snake:3)
  26 shadow wraiths
  Amaemon (D:8)
  22 sixfirhies (Pan)
  8 goliath frogs
  2 iron trolls
  An anaconda zombie (Hell)
  2 bunyip zombies
  2 spectral anacondas
  A death drake (Zot:1)
  5 flayed ghosts
  A kraken simulacrum (Hell)
  19 skeletal warriors
  5 naga ritualists
  10 arcanists
  6 quicksilver dragon simulacra
  15 mana vipers
  9 swamp dragons
  5 spriggan druids
  An orange crystal statue (Hell)
  7 glowing orange brains
  13 shadow demons (Pan)
  14 deep elf archers
  13 sun moths (Pan)
  14 ironbound convokers
  22 deep trolls
  2 orb spiders (shapeshifter)
  2 anaconda skeletons
  2 fenstrider witch simulacra
  15 lindwurms
  12 bog bodies
  6 orc knights
  17 phantasmal warriors
  35 deep elf pyromancers
  An iron giant skeleton (Tar:7)
  8 necromancers
  6 shining eyes
  5 starcursed masses (Abyss:3)
  A stone giant zombie (Crypt:1)
  26 deep elf zephyrmancers
  An alligator zombie (Hell)
  29 ugly things
  3 will-o-the-wisps
  2 orc sorcerers
  5 manticores
  5 cyclopes
  Maurice (D:8)
  A meliai (shapeshifter) (Elf:1)
  17 moths of wrath
  3 spectral ettins
  3 worldbinders
  2 rust devils
  A centaur zombie (Abyss:1)
  3 spectral centaurs
  Joseph (D:8)
  11 salamanders
  A dire elephant zombie (Hell)
  2 kobold blastminers (Orc:2)
  An eye of devastation (Slime:5)
  3 apis skeletons (Depths:4)
  4 guardian serpents
  2 goliath frog skeletons
  42 black mambas
  37 smoke demons
  A naga zombie (Tar:7)
  An apocalypse crab (Abyss:3)
  3 water nymphs
  12 vault sentinels
  5 ice statues
  19 naga magi
  6 torpor snails (Lair:5)
  A storm dragon simulacrum (Coc:1)
  31 orange demons
  4 unseen horrors
  A titan simulacrum (Coc:6)
  15 cane toads
  A human zombie (Vaults:5)
  2 iron dragon skeletons
  42 large abominations
  A gargoyle (D:13)
  20 yaktaurs
  An unseen horror (shapeshifter) (D:14)
  12 efreet
  34 hellions
  14 komodo dragons
  5 rime drakes
  3 tengu conjurers
  2 dire elephant skeletons
  A hydra zombie (Crypt:1)
  9 ice devils
  2 bunyip simulacra (Coc:1)
  20 freezing wraiths
  12 anaconda simulacra
  22 tormentors
  4 iron giant simulacra
  A death yak skeleton (Crypt:2)
  2 golden dragon simulacra
  3 silent spectres
  35 guardian mummies
  4 red devils
  2 spectral harpies (Crypt:3)
  A hornet (shapeshifter) (Elf:2)
  A queen bee (Orc:1)
  7 tyrant leeches
  22 hellwings
  6 ancient zymes
  A shadow dragon simulacrum (Coc:1)
  A troll (shapeshifter) (Elf:2)
  2 sea snake skeletons (Hell)
  2 bloated husks
  4 polar bears
  7 trolls
  A polar bear (shapeshifter) (D:14)
  2 harpy skeletons
  2 hydra skeletons
  A satyr zombie (Crypt:3)
  25 hornets
  A wolf spider simulacrum (D:15)
  3 iron dragon simulacra
  13 blink frogs
  A moth of wrath zombie (Zot:1)
  A meliai zombie (Crypt:3)
  9 raiju (Abyss:3)
  9 glass eyes
  A fire giant simulacrum (Vaults:5)
  7 dream sheep
  112 slime creatures
  2 ettin zombies
  7 wyverns
  4 water elementals
  A jumping spider (Vaults:2)
  A stone giant simulacrum (Coc:2)
  A guardian serpent skeleton (Crypt:2)
  2 shadows
  2 ettin skeletons
  3 air elementals
  2 vampires
  10 wraiths
  49 ynoxinuls
  A centaur simulacrum (Coc:2)
  5 dire elephant simulacra
  A culicivora (Vaults:4)
  20 spriggans
  7 ushabtiu
  A wind drake zombie (Crypt:2)
  7 fire elementals
  4 fire bats (Pan)
  A fire bat (shapeshifter) (Elf:2)
  50 yaks
  7 steam dragons
  5 basilisks
  A warg (Orc:2)
  3 alligator snapping turtle simulacra
  15 golden eyes
  22 vampire mosquitoes
  2 wind drake skeletons
  4 redbacks
  5 death yak simulacra
  36 nagas
  28 neqoxecs
  12 chaos spawn
  22 water moccasins
  A swamp worm (shapeshifter) (Elf:3)
  A fire bat zombie (Crypt:3)
  15 harpy simulacra
  19 swamp worms
  4 hydra simulacra
  A glowing shapeshifter zombie (Vaults:5)
  3 acid dragons
  5 hell hounds (D:13)
  A deep troll skeleton (Crypt:3)
  A sky beast (shapeshifter) (Abyss:3)
  11 swamp drakes
  5 ice beasts
  7 black bears
  A black bear (shapeshifter) (Abyss:1)
  29 laughing skulls
  2 elephant zombies (Lair:4)
  6 ogres
  6 ettin simulacra
  24 orc warriors
  5 centaurs
  7 wolves
  A human skeleton (Vaults:5)
  A phantom (D:6)
  2 kobold brigands
  A rime drake skeleton (Crypt:3)
  A komodo dragon zombie (Lair:4)
  2 yaktaur zombies
  16 bullfrogs
  4 weeping skulls
  A draconian skeleton (Crypt:1)
  5 earth elementals
  A gnoll sergeant (D:8)
  2 cane toad simulacra
  6 two-headed ogre simulacra (IceCv)
  14 small abominations
  4 wights (D:10)
  2 yak zombies (Crypt:2)
  9 killer bees
  3 spriggan skeletons
  A swamp dragon simulacrum (Crypt:3)
  3 elephant simulacra
  8 electric eels
  9 howler monkeys
  5 bombardier beetles
  A quasit (Abyss:1)
  7 hounds
  4 jellies
  A basilisk zombie (Lair:4)
  18 orc priests
  5 iguanas
  A sleepcap (D:4)
  14 orc wizards
  4 polar bear simulacra
  7 troll simulacra (IceCv)
  7 spriggan simulacra
  2 wolf simulacra
  34 mummies
  4 gnolls (D:8)
  8 adders
  5 naga simulacra
  8 white imps
  12 ufetubi
  5 dart slugs
  A ribbon worm (D:2)
  93 orcs
  5 ball pythons
  2 endoplasms
  2 giant cockroaches
  8 goblins
  6 hobgoblins
  6 jackals
  14 kobolds
  2 quokkas
  4 bats
  A dart slug zombie (Crypt:3)
  A frilled lizard (D:1)
  A jackal zombie (Crypt:3)
  4 rats
  5 aspiring fleshes
  2 ball lightnings
  8 creeping infernos
  13 fire vortices
  4 lurking horrors
  4 starspawn tentacles
3956 creatures vanquished.

Vanquished Creatures (collateral kills)
  2 royal mummies (Tomb:1)
  2 shard shrikes (Coc:6)
  8 caustic shrikes
  2 bone dragons
  A Tzitzimitl (Tar:6)
  2 doom hounds (Zot:2)
  A hellephant (Geh:5)
  A tentacled monstrosity (Zot:1)
  A pandemonium lord (Pan)
  2 Orb Guardians (Zot:5)
  2 Hell Sentinels
  A tainted leviathan (Tar:3)
  A titan (Vaults:5)
  An Ice Fiend (Coc:7)
  5 searing wretches
  4 sphinxes
  11 ancient champions
  2 Executioners (Pan)
  3 storm dragons
  2 shadow dragons
  A rockslime (Slime:5)
  A revenant (Tomb:2)
  A fenstrider witch (Pan)
  5 fire giants
  A frost giant (Vaults:4)
  2 draconian shifters
  2 quicksilver elementals
  5 balrugs
  2 draconian scorchers (Zot:1)
  2 cacodemons
  An iron dragon (Dis:2)
  A draconian stormcaller (Zot:1)
  An orc warlord (Vaults:4)
  A draconian annihilator (Zot:4)
  6 reapers
  A spriggan defender (Depths:3)
  3 green draconians
  2 very ugly things
  2 quicksilver oozes (Slime:5)
  3 ghouls
  3 ironbound preservers
  6 stone giants
  2 vampire knights
  3 white draconians
  2 demonspawn black suns (Pan)
  A bennu (Tomb:3)
  2 bunyips
  A dire elephant (Vaults:4)
  2 putrid mouths
  3 spark wasps (Depths:2)
  A black draconian (Zot:4)
  A purple draconian (Zot:1)
  2 red draconians
  2 yellow draconians
  8 war gargoyles
  4 blizzard demons
  An iron golem (Dis:7)
  A pearl dragon zombie (Depths:4)
  3 eidola
  2 ettins (Depths:4)
  2 green deaths
  3 mummy priests
  5 jiangshi
  A yaktaur captain (Vaults:5)
  A deep elf high priest (Vaults:5)
  18 vault guards (Vaults:5)
  A quicksilver dragon skeleton (Depths:2)
  An ogre mage (Vaults:3)
  2 spriggan air magi (Depths:2)
  A rakshasa (Pan)
  3 centaur warriors (Vaults:1)
  An ironbound frostheart (Vaults:3)
  A death knight (Depths:4)
  17 death scarabs
  2 stokers (Geh:7)
  A naga warrior (Snake:1)
  2 deep troll shamans
  11 hell hogs
  2 vampire magi
  2 deep troll earth magi (Depths:4)
  A tengu warrior (Depths:2)
  A spriggan berserker (Depths:2)
  6 sun demons
  A crystal echidna (Dis:6)
  6 hell knights
  7 shadow wraiths
  3 soul eaters
  12 skeletal warriors
  2 iron trolls (Depths:4)
  A golden dragon zombie (Depths:2)
  2 sixfirhies
  A death drake (Zot:1)
  2 flayed ghosts
  4 large abominations (Pan)
  11 deep trolls
  2 bog bodies
  4 arcanists
  4 ironbound convokers
  4 shadow demons
  2 phantasmal warriors (Crypt:2)
  2 necromancers (Depths:2)
  3 orc knights (Vaults:4)
  5 moths of wrath (Zot:1)
  6 ugly things
  An alligator skeleton (Tomb:2)
  A vault sentinel (Vaults:5)
  A water nymph (Pan)
  3 smoke demons
  An apis skeleton (Depths:4)
  2 orange demons (Hell)
  3 tormentors
  An iron giant simulacrum (Coc:5)
  2 hellions
  2 spectral harpies
  16 guardian mummies
  10 freezing wraiths
  7 yaktaurs
  A hellwing (Pan)
  A troll (Vaults:5)
  A glass eye (Depths:2)
  22 slime creatures
  A frost giant simulacrum (Depths:2)
  2 black mamba zombies
  2 ynoxinuls (Pan)
  An ushabti (Tomb:3)
  A yak (Lair:4)
  A harpy simulacrum (Tomb:3)
  A faun zombie (Crypt:1)
  7 hell hounds (Hell)
  2 laughing skulls (Pan)
  3 boggarts (Vaults:4)
  3 human skeletons (Crypt:1)
  A crocodile skeleton (Crypt:1)
  15 mummies
  2 orcs (Vaults:5)
433 creatures vanquished.

Vanquished Creatures (others)
  An ancient lich (D:2)
  A shard shrike (Coc:6)
  3 caustic shrikes
  A bone dragon (Tar:7)
  A doom hound (Tar:6)
  A tentacled monstrosity (Pan)
  A Hell Sentinel (Dis:7)
  4 tainted leviathans
  4 searing wretches
  A deep elf master archer (Elf:3)
  An ancient champion (Dis:7)
  A sphinx (Tomb:1)
  A shadow dragon (Vaults:5)
  A draconian knight (Zot:1)
  A demonspawn warmonger (Pan)
  2 rockslimes (Slime:5)
  2 fire giants
  An azure jelly (Slime:5)
  2 shard shrike simulacra
  A balrug (Hell)
  A vault warden (Vaults:5)
  2 draconian annihilators
  2 demonspawn corrupters (Pan)
  A demonspawn blood saint (Pan)
  A stone giant (Depths:2)
  A black draconian (Zot:4)
  A putrid mouth (Hell)
  4 yellow draconians
  A war gargoyle (Dis:7)
  A yaktaur captain (Vaults:5)
  A fire dragon (Depths:2)
  A vault guard (Vaults:5)
  2 ice dragons (Hell)
  2 caustic shrike simulacra
  A hell hog (Hell)
  4 death scarabs (Tomb:3)
  3 hell knights
  A soul eater (Hell)
  A sun demon (Pan)
  2 deep trolls
  2 skeletal warriors
  An arcanist (Vaults:3)
  A phantasmal warrior (Vaults:5)
  A spriggan simulacrum (Coc:7)
  2 ironbound convokers
  A fenstrider witch simulacrum (Coc:2)
  2 necromancers
  An ugly thing (Abyss:3)
  3 manticores (Pan)
  A salamander (Snake:1)
  A guardian serpent (Snake:4)
  A vault sentinel (Vaults:5)
  2 orange demons
  A hellion (Abyss:3)
  2 yaktaurs (Vaults:3)
  A tormentor (Dis:2)
  An ice devil (Geh:1)
  A freezing wraith (Crypt:1)
  5 guardian mummies
  A bunyip simulacrum (Coc:1)
  A hellwing (Pan)
  3 ynoxinuls
  5 slime creatures
  2 neqoxecs (Pan)
  A yak (Lair:4)
  A chaos spawn (Pan)
  A harpy simulacrum (Coc:2)
  4 hell hounds (Hell)
  A small abomination (Abyss:3)
  5 mummies
  An orc (Vaults:5)
  4 ball lightnings
  A foxfire (Swamp:2)
  9 starspawn tentacles
134 creatures vanquished.

Grand Total: 4523 creatures vanquished

Notes
Turn   | Place    | Note
-------+----------+-------------------------------------------
     0 | D:1      | Mousus6 the Coglin Hexslinger began the quest for the Orb.
     0 | D:1      | Reached XP level 1. HP: 15/15 MP: 2/2
    53 | D:1      | Reached skill level 2 in Ranged Weapons
   121 | D:1      | Reached XP level 2. HP: 19/21 MP: 3/3
   421 | D:1      | Reached skill level 3 in Ranged Weapons
   757 | D:1      | Reached XP level 3. HP: 26/26 MP: 4/4
  1137 | D:2      | Reached XP level 4. HP: 30/32 MP: 5/5
  1185 | D:2      | Reached skill level 4 in Ranged Weapons
  1600 | D:3      | Reached XP level 5. HP: 37/37 MP: 6/6
  1603 | D:3      | Learned a level 2 spell: Jinxbite
  1607 | D:3      | Learned a level 3 spell: Inner Flame
  1951 | D:4      | Found an ancient bone altar of Kikubaaqudgha.
  1956 | D:4      | Found a bloodstained altar of Trog.
  1958 | D:4      | Reached skill level 5 in Ranged Weapons
  2056 | D:4      | Reached XP level 6. HP: 44/44 MP: 7/7
  2448 | D:5      | Entered Level 5 of the Dungeon
  2598 | D:5      | Found a broken altar of Ashenzari.
  2638 | D:5      | Found an ornate altar of the Wu Jian Council.
  2723 | D:5      | Noticed a black bear
  2729 | D:5      | Killed a black bear
  2730 | D:5      | Reached XP level 7. HP: 51/51 MP: 8/8
  2733 | D:5      | Reached skill level 6 in Ranged Weapons
  2740 | D:5      | Gained mutation: Your spells are a little harder to cast,
                  | but a little more powerful. [potion of mutation]
  2740 | D:5      | Gained mutation: You are robust. (+10% HP) [potion of
                  | mutation]
  2916 | D:5      | Learned a level 2 spell: Blink
  3070 | D:5      | Reached skill level 1 in Translocations
  3369 | D:6      | Reached XP level 8. HP: 66/66 MP: 9/9
  3377 | D:6      | Reached skill level 7 in Ranged Weapons
  4204 | D:7      | Reached skill level 8 in Ranged Weapons
  4267 | D:7      | Reached skill level 5 in Fighting
  4267 | D:7      | Reached XP level 9. HP: 68/74 MP: 10/10
  4303 | D:7      | Found a staircase to the Ecumenical Temple.
  4328 | Temple   | Entered the Ecumenical Temple
  4367 | Temple   | Became a worshipper of Gozag Ym Sagoz the Greedy
  4550 | D:7      | Found a hide-covered altar of Uskayaw.
  5084 | D:8      | Noticed Erica
  5088 | D:8      | Noticed Joseph
  5091 | D:8      | Killed Erica
  5092 | D:8      | Reached skill level 9 in Ranged Weapons
  5092 | D:8      | Reached skill level 5 in Hexes
  5097 | D:8      | Killed Joseph
  5098 | D:8      | Reached skill level 5 in Translocations
  5098 | D:8      | Reached XP level 10. HP: 38/84 MP: 11/11
  5327 | D:8      | Noticed a two-headed ogre
  5335 | D:8      | Killed a two-headed ogre
  5480 | D:8      | Reached skill level 10 in Ranged Weapons
  5530 | D:8      | Noticed Maurice
  5544 | D:8      | Something stole a +6 ring of strength
  5550 | D:8      | Something stole 394 gold
  5556 | D:8      | Killed Maurice
  5844 | D:8      | Noticed Amaemon
  5852 | D:8      | Killed Amaemon
  5886 | D:8      | Noticed an orange demon
  5892 | D:8      | Killed an orange demon
  6085 | D:8      | Learned a level 4 spell: Cause Fear
  6293 | D:9      | Found a staircase to the Orcish Mines.
  6358 | D:9      | You fall into a shaft and drop 2 floors!
  6412 | D:11     | Noticed a green ugly thing
  6449 | D:11     | Found a gate leading to a gauntlet.
  6458 | Gauntlet | Entered a Gauntlet
  6458 | Gauntlet | Found a transporter.
  6458 | Gauntlet | Found a transporter.
  6458 | Gauntlet | Found a transporter.
  6459 | Gauntlet | Found a transporter.
  6463 | Gauntlet | Found a transporter.
  6468 | Gauntlet | Found a transporter.
  6468 | Gauntlet | Noticed a tengu warrior
  6469 | Gauntlet | Found a runed translucent gate.
  6469 | Gauntlet | Found a runed translucent gate.
  6469 | Gauntlet | Found a runed translucent gate.
  6469 | Gauntlet | Found a transporter.
  6475 | Gauntlet | Found a transporter.
  6476 | Gauntlet | Found a transporter.
  6478 | Gauntlet | Found a transporter.
  6484 | Gauntlet | Noticed an orange crystal statue
  6484 | Gauntlet | Noticed a death yak
  6484 | Gauntlet | Noticed a death yak
  6485 | Gauntlet | Noticed a death yak
  6485 | Gauntlet | Noticed a death yak
  6486 | Gauntlet | Found a transporter.
  6487 | Gauntlet | Found a transporter.
  6487 | Gauntlet | Noticed a torpor snail
  6659 | Gauntlet | Reached XP level 11. HP: 92/92 MP: 9/12
  6894 | Gauntlet | Killed a tengu warrior
  6899 | Gauntlet | Reached skill level 11 in Ranged Weapons
  6925 | Gauntlet | Identified the +1 helmet of the Garden {Harm rC- Int+7
                  | Dex-2}
  6938 | Gauntlet | Identified the ring "Zyhudem" {+Blink rElec rCorr Str+6
                  | Dex+6}
  7203 | Gauntlet | Noticed a minotaur
  7229 | Gauntlet | Killed a minotaur
  7246 | Gauntlet | Identified the ring "Opoupsul" {Ice *Corrode rElec Will-
                  | Int+3}
  7247 | Gauntlet | Got the Compilation of Frigid Turbulence
  7500 | D:11     | Found a basalt altar of Yredelemnul.
  7542 | D:10     | Entered Level 10 of the Dungeon
  7686 | D:9      | Noticed a manticore
  7702 | D:9      | Killed a manticore
  8525 | D:9      | Found a sacrificial altar of Ru.
  8556 | D:9      | Found a stormy altar of Qazlal.
  9673 | D:11     | Reached XP level 12. HP: 103/103 MP: 16/16
  9678 | D:11     | Reached skill level 12 in Ranged Weapons
  9744 | D:11     | Found a staircase to the Lair.
 10371 | Lair:1   | Entered Level 1 of the Lair of Beasts
 10387 | Lair:1   | Learned a level 4 spell: Dimensional Bullseye
 11295 | Lair:1   | Found a runed translucent door.
 11296 | Lair:1   | Noticed Essalna's ghost (journeyman GrEE)
 11679 | Lair:2   | Reached skill level 13 in Ranged Weapons
 11725 | Lair:2   | Noticed a four-headed hydra
 11730 | Lair:2   | Killed a four-headed hydra
 11732 | Lair:2   | Noticed an eight-headed hydra
 11736 | Lair:2   | Killed an eight-headed hydra
 11737 | Lair:2   | Reached XP level 13. HP: 112/112 MP: 20/20
 11762 | Lair:2   | Found a frozen archway.
 11776 | IceCv    | Entered an ice cave
 11923 | IceCv    | Reached skill level 1 in Evocations
 12413 | IceCv    | Noticed a reaper
 12436 | IceCv    | Killed a reaper
 12437 | IceCv    | Reached skill level 5 in Spellcasting
 12658 | IceCv    | Reached skill level 10 in Fighting
 12851 | Lair:2   | Found a staircase to the Snake Pit.
 13119 | Lair:2   | Identified the +1 robe of the Invisible Hand {*Corrode
                  | Will+++ Str-2 Stlth+}
 13892 | Lair:3   | Found an opulent altar of Gozag.
 14040 | Lair:3   | Reached skill level 14 in Ranged Weapons
 14193 | Lair:3   | Found a staircase to the Swamp.
 14502 | Lair:3   | Reached skill level 5 in Evocations
 15101 | Lair:3   | Noticed Gastronok
 15125 | Lair:3   | Killed Gastronok
 15293 | Lair:3   | Reached XP level 14. HP: 122/122 MP: 21/21
 15458 | Lair:4   | Noticed Josephine
 15465 | Lair:4   | Killed Josephine
 15992 | Lair:4   | Found a staircase to the Slime Pits.
 16289 | Lair:5   | Entered Level 5 of the Lair of Beasts
 16578 | Lair:4   | Reached skill level 15 in Ranged Weapons
 16583 | Lair:4   | Reached skill level 10 in Hexes
 17095 | Lair:4   | Found a staircase to the Slime Pits.
 18101 | Orc:1    | Entered Level 1 of the Orcish Mines
 18260 | Orc:1    | Found Vicsyava's CLEARANCE SALE!.
 18263 | Orc:1    | Bought a scroll of fear for 24 gold pieces
 18263 | Orc:1    | Bought a scroll of identify for 12 gold pieces
 18263 | Orc:1    | Identified 2 scrolls of acquirement
 18264 | Orc:1    | Acquired a +4 hand cannon of electrocution
 18265 | Orc:1    | Acquired 657 gold pieces
 18463 | Orc:2    | Entered Level 2 of the Orcish Mines
 18533 | Orc:2    | Found a roughly hewn altar of Beogh.
 18580 | Orc:2    | Found a roughly hewn altar of Beogh.
 18850 | Orc:2    | Found a roughly hewn altar of Beogh.
 18933 | Orc:2    | Found a staircase to the Elven Halls.
 19076 | Orc:2    | Noticed an orc warlord
 19173 | Orc:2    | Killed an orc warlord
 19195 | Orc:2    | Found a roughly hewn altar of Beogh.
 19195 | Orc:2    | Found Gis Reijeu's Antique Armour Emporium.
 19199 | Orc:2    | Found Dawuwk's Antique Weapon Shoppe.
 19287 | Orc:2    | Found a roughly hewn altar of Beogh.
 19319 | Orc:2    | Found Ceja's General Store.
 19334 | Orc:2    | Bought a potion of ambrosia for 104 gold pieces
 19334 | Orc:2    | Bought 2 potions of invisibility for 208 gold pieces
 19334 | Orc:2    | Bought a scroll of teleportation for 39 gold pieces
 19370 | Orc:2    | Found a roughly hewn altar of Beogh.
 19380 | Orc:2    | Reached skill level 16 in Ranged Weapons
 19528 | Orc:2    | Found a roughly hewn altar of Beogh.
 19539 | Orc:2    | Found Wonurriq's Assorted Antiques.
 19562 | Orc:2    | Bought a potion of curing for 117 gold pieces
 19758 | D:9      | Bought a scroll of fog for 56 gold pieces
 19758 | D:9      | Bought a scroll of poison for 56 gold pieces
 19758 | D:9      | Bought a scroll of teleportation for 42 gold pieces
 19758 | D:9      | Bought a scroll of teleportation for 42 gold pieces
 19764 | D:9      | Bought 2 potions of heal wounds for 140 gold pieces
 19764 | D:9      | Bought a potion of curing for 42 gold pieces
 19764 | D:9      | Bought a potion of curing for 42 gold pieces
 19764 | D:9      | Bought a potion of cancellation for 112 gold pieces
 19900 | Lair:4   | Reached skill level 1 in Armour
 19900 | Lair:4   | Reached XP level 15. HP: 93/130 MP: 22/22
 19908 | Lair:4   | Learned a level 3 spell: Fugue of the Fallen
 19999 | Lair:4   | a death yak changed into a storm dragon
 19999 | Lair:4   | Noticed a storm dragon
 20000 | Lair:4   | Killed a storm dragon
 20005 | Lair:4   | Reached skill level 1 in Necromancy
 20748 | Lair:5   | Identified the +4 sling of War {freeze, +Blink Dex+2}
 22259 | D:12     | Reached skill level 5 in Necromancy
 22294 | D:12     | Noticed Jorgrun
 22299 | D:12     | Killed Jorgrun
 22844 | D:13     | Found Joiweic's Book Boutique.
 22844 | D:13     | Found Xefoyff's Magic Scroll Boutique.
 22844 | D:13     | Found Zosickan's Assorted Antiques.
 22914 | D:13     | Noticed Azrael
 22920 | D:13     | Killed Azrael
 23297 | D:13     | Bought a scroll of teleportation for 54 gold pieces
 23297 | D:13     | Bought a scroll of enchant weapon for 135 gold pieces
 23663 | D:13     | Found a shadowy altar of Dithmenos.
 23982 | D:14     | Noticed autumnrain's ghost (journeyman OpWn)
 23992 | D:14     | Reached XP level 16. HP: 141/141 MP: 25/25
 23994 | D:14     | Found a runed translucent gate.
 23994 | D:14     | Found a runed translucent gate.
 23994 | D:14     | Found a runed translucent gate.
 24082 | D:14     | Found a gate to the Vaults.
 24278 | D:14     | Noticed Nessos
 24281 | D:14     | Killed Nessos
 24290 | D:14     | Identified the amulet of the Meadowlark {Spirit +Blink
                  | Int-2 Dex+7}
 24426 | D:14     | Identified the +3 long sword of Eternal Vigilance {flame,
                  | rElec rPois Int+2}
 24776 | D:15     | Entered Level 15 of the Dungeon
 24874 | D:15     | Reached skill level 5 in Dodging
 24930 | D:15     | Found a snail-covered altar of Cheibriados.
 25013 | D:15     | Identified the +6 falchion "Benapad" {holy, Dex+2 SInv
                  | Stlth+}
 25027 | D:15     | Identified the +0 robe of Fun and Games {rPois rF+ rC-
                  | SInv}
 25286 | D:15     | Reached skill level 5 in Armour
 25350 | D:15     | Found a staircase to the Depths.
 25499 | D:15     | Found a roughly hewn altar of Beogh.
 25777 | D:9      | Bought the ring "Xiheir" {Wiz rPois rN+ Dex-2} for 576 gold
                  | pieces
 25943 | Swamp:1  | Entered Level 1 of the Swamp
 25945 | Swamp:1  | Identified the +0 pair of gloves of Piobagem {Dex+4}
 25945 | Swamp:1  | Noticed Nikola
 25999 | Lair:3   | Killed Nikola
 26174 | Swamp:1  | Noticed Donald
 26189 | Swamp:1  | Killed Donald
 26563 | Swamp:1  | Noticed Frances
 26568 | Swamp:1  | Killed Frances
 26789 | Swamp:2  | Found a shimmering altar of Xom.
 27114 | Swamp:2  | Noticed a fenstrider witch
 27120 | Swamp:2  | Killed a fenstrider witch
 27121 | Swamp:2  | Reached XP level 17. HP: 150/150 MP: 28/28
 27125 | Swamp:2  | Found a runed translucent door.
 27125 | Swamp:2  | Noticed Foeck's ghost (adept MiAl)
 27145 | Swamp:2  | Killed Foeck's ghost
 27158 | Swamp:2  | Identified the scarf of Qaef Itt {harm, Will+ Stlth+}
 27159 | Swamp:2  | Identified the +6 halberd of the Contumacious God {flame,
                  | rF++ Dex+2}
 28241 | Swamp:4  | Entered Level 4 of the Swamp
 28488 | Swamp:4  | Got a decaying rune of Zot
 29464 | Snake:1  | Entered Level 1 of the Snake Pit
 29677 | Snake:1  | Reached XP level 18. HP: 160/160 MP: 30/30
 29771 | Snake:1  | Found Keufrap's Antique Weapon Shoppe.
 29806 | Snake:1  | You fall into a shaft and drop 1 floor!
 29897 | Snake:2  | Noticed Vashnia
 29903 | Snake:2  | Vashnia changed into Vashnia the boulder beetle
 29903 | Snake:2  | Noticed Vashnia
 29906 | Snake:2  | Killed Vashnia the boulder beetle
 30341 | Snake:2  | Identified the serpent talisman of the Desolation of Salt
                  | {+Blink Dex+3 SInv}
 30341 | Snake:2  | Noticed Aizul
 30350 | Snake:2  | Killed Aizul
 30623 | Snake:2  | Found a transporter.
 30879 | Snake:2  | Found a transporter.
 32413 | Snake:1  | Identified the +2 trident "Yssuixkaugh" {pain, Stlth+}
 32813 | Snake:3  | Reached skill level 15 in Fighting
 33223 | Snake:4  | Entered Level 4 of the Snake Pit
 33231 | Snake:4  | Reached XP level 19. HP: 170/170 MP: 32/32
 33239 | Snake:4  | Reached skill level 10 in Spellcasting
 33281 | Snake:4  | Noticed Roxanne
 33293 | Snake:4  | Killed Roxanne
 33610 | Snake:4  | Found Meost's One-of-a-Kind Rings.
 33814 | Snake:4  | Reached skill level 10 in Dodging
 33839 | Snake:4  | Got a serpentine rune of Zot
 34239 | Elf:1    | Entered Level 1 of the Elven Halls
 34269 | Elf:1    | Reached skill level 10 in Armour
 34295 | Elf:1    | Learned a level 5 spell: Yara's Violent Unravelling
 34339 | Elf:1    | Reached skill level 1 in Alchemy
 34669 | Elf:1    | Paralysed by an air elemental for 1 turns
 35098 | Elf:2    | Found Uqouxar's Distillery.
 35107 | Elf:2    | Bought a potion of heal wounds for 95 gold pieces
 35107 | Elf:2    | Bought a potion of haste for 190 gold pieces
 35107 | Elf:2    | Bought a potion of curing for 57 gold pieces
 35107 | Elf:2    | Bought a potion of heal wounds for 95 gold pieces
 35521 | Elf:2    | Found a runed translucent gate.
 35521 | Elf:2    | Found a runed translucent gate.
 35521 | Elf:2    | Found a runed translucent gate.
 35786 | Elf:2    | Reached skill level 5 in Alchemy
 35945 | Elf:2    | Reached XP level 20. HP: 178/178 MP: 35/35
 36536 | Elf:3    | Entered Level 3 of the Elven Halls
 36538 | Elf:3    | Found Puckupp's Book Boutique.
 36539 | Elf:3    | Found Oxzupruj's Jewellery Emporium.
 36540 | Elf:3    | Found Neky's Book Boutique.
 36546 | Elf:3    | Bought the Unrestrained Analects for 704 gold pieces
 36555 | Elf:3    | Learned a level 8 spell: Discord
 36822 | D:13     | Bought a book of Hexes for 576 gold pieces
 36830 | D:13     | Learned a level 7 spell: Enfeeble
 37102 | Elf:3    | Found Tawo's Magic Scroll Emporium.
 37111 | Elf:3    | Bought a scroll of butterflies for 64 gold pieces
 37111 | Elf:3    | Bought a scroll of blinking for 120 gold pieces
 37111 | Elf:3    | Bought a scroll of revelation for 120 gold pieces
 37111 | Elf:3    | Bought a scroll of teleportation for 48 gold pieces
 37111 | Elf:3    | Bought a scroll of vulnerability for 64 gold pieces
 37111 | Elf:3    | Bought a scroll of vulnerability for 64 gold pieces
 37977 | Elf:3    | Reached skill level 15 in Hexes
 38082 | Elf:3    | Identified the ring of Haiff {*Slow rC+ rN+ Str+2 Int+3}
 38591 | Elf:3    | Identified the +7 short sword of the Doomed Warrior {venom,
                  | Int+3}
 38961 | D:9      | Bought a scroll of poison for 56 gold pieces
 38961 | D:9      | Bought a scroll of blinking for 105 gold pieces
 38963 | D:9      | Bought a scroll of enchant weapon for 315 gold pieces
 38963 | D:9      | Bought a scroll of enchant weapon for 315 gold pieces
 39098 | Vaults:1 | Entered Level 1 of the Vaults
 39125 | Vaults:1 | Found Zyiveuq's Weapon Boutique.
 39184 | Vaults:1 | Got the Guide on Comburant Diablerie
 39925 | Vaults:1 | Reached XP level 21. HP: 184/184 MP: 37/37
 40612 | Vaults:2 | Found a magical portal.
 40624 | WizLab   | Entered Alistair's Party Mansion
 40862 | WizLab   | Got the Elucidation of Calcination
 41243 | Vaults:2 | Acquired the +4 pair of boots "Hatin" {rC+ MP+9 SInv}
 41315 | Vaults:2 | Found Vohog's Armour Shop.
 41677 | Vaults:2 | Found a staircase to the Crypt.
 41769 | Vaults:2 | Identified the +3 leather armour of the Iron City of Dis
                  | {rElec rCorr Str+5 SInv}
 42264 | Vaults:2 | Found Gomilaerik's Antique Weapon Emporium.
 42273 | Vaults:2 | Found Jeepayb's Assorted Antiques.
 42440 | Crypt:1  | Entered Level 1 of the Crypt
 44019 | Elf:3    | Bought a There-And-Back Book for 480 gold pieces
 44026 | Elf:3    | Learned a level 6 spell: Dispersal
 44403 | Crypt:2  | Reached XP level 22. HP: 82/192 MP: 12/40
 44737 | Crypt:2  | Identified the +2 helmet "Orawunki" {Harm *Slow rF+ Str+2}
 45048 | Crypt:3  | Entered Level 3 of the Crypt
 45412 | Crypt:3  | Acquired 1222 gold pieces
 45718 | Crypt:3  | Got the Lectures on the Undead
 46758 | Crypt:3  | Found a staircase to the Tomb.
 47452 | Crypt:3  | Identified the ring "Jilagg" {rPois rF+++ Will+ MP-9 Int-3}
 48412 | Vaults:3 | Found the ring of Shadows {Umbra +Inv Stlth+}
 48545 | Vaults:2 | Bought a scroll of teleportation for 51 gold pieces
 48545 | Vaults:2 | Bought a scroll of butterflies for 68 gold pieces
 48545 | Vaults:2 | Bought a scroll of fear for 68 gold pieces
 48545 | Vaults:2 | Bought a scroll of teleportation for 51 gold pieces
 49390 | Vaults:4 | Reached XP level 23. HP: 164/199 MP: 35/41
 50118 | Vaults:4 | Acquired a book of Sloth
 50391 | Vaults:4 | Reached skill level 17 in Ranged Weapons
 50956 | Depths:1 | Entered Level 1 of the Depths
 51085 | Depths:1 | Noticed Margery
 51087 | Depths:1 | Killed Margery
 51223 | Depths:1 | Found a gateway to Hell.
 51531 | Depths:1 | Found a runed translucent gate.
 51531 | Depths:1 | Found a runed translucent gate.
 51535 | Depths:1 | Found an ancient bone altar of Kikubaaqudgha.
 51535 | Depths:1 | Noticed an ancient lich
 51536 | Depths:1 | Found a runed translucent gate.
 51536 | Depths:1 | Noticed a dread lich
 51537 | Depths:1 | Noticed lurch's ghost (master FeCj)
 51636 | Depths:1 | Reached skill level 18 in Ranged Weapons
 51811 | Depths:1 | Found a shimmering blue altar of Sif Muna.
 52044 | Depths:1 | Learned a level 5 spell: Silence
 52053 | Depths:1 | Killed lurch's ghost
 52057 | Depths:1 | Killed an ancient lich
 52061 | Depths:1 | Killed a dread lich
 52079 | Depths:1 | Identified the +2 helmet of Benevolence {Rampage Will+
                  | Regen+ Dex+6}
 52096 | Depths:1 | Identified the ring "Hara" {Ice Fly Str+4}
 52337 | Depths:2 | Identified the ring "Icky" {*Corrode rElec rN+ AC+4 Dex+5}
 52560 | Depths:2 | Found a transporter.
 52606 | Depths:2 | Reached skill level 15 in Spellcasting
 52627 | Depths:2 | Found a one-way gate leading to the halls of Pandemonium.
 52650 | Depths:2 | Found a transporter.
 52667 | Depths:2 | Identified the ring "Unaud" {rF+ Str+5 Dex+3}
 52702 | Depths:2 | Noticed a golden dragon
 52710 | Depths:2 | Killed a golden dragon
 52917 | Depths:2 | Found Licel's Book Shop.
 52923 | Depths:2 | Reached XP level 24. HP: 209/209 MP: 42/42
 52930 | Depths:2 | Identified the +2 barding of Serchy {Will+}
 52959 | Depths:2 | Identified the ring of Bosenu {rPois rF++ Stlth-}
 53010 | Depths:2 | Noticed a juggernaut
 53016 | Depths:2 | Killed a juggernaut
 53474 | Depths:3 | Reached skill level 10 in Evocations
 53739 | Depths:3 | Found a corrupted altar of Lugonu.
 53744 | Depths:3 | Found a one-way gate to the infinite horrors of the Abyss.
 54363 | Depths:4 | Entered Level 4 of the Depths
 54428 | Depths:4 | Reached skill level 10 in Translocations
 54429 | Depths:4 | Found a one-way gateway to a ziggurat.
 54639 | Depths:4 | Found a gate to the Realm of Zot.
 54643 | Depths:4 | Identified the +2 robe of Naagrek {Rampage Will+ Dex+3
                  | SInv}
 54790 | Depths:4 | Reached skill level 1 in Shapeshifting
 54880 | Depths:4 | Found a basalt altar of Yredelemnul.
 54914 | Depths:4 | Identified the +4 glaive "Ibreafap" {holy, Int+3}
 55568 | Slime:1  | Entered Level 1 of the Pits of Slime
 55635 | Slime:3  | Reached skill level 5 in Shapeshifting
 55660 | Slime:5  | Entered Level 5 of the Pits of Slime
 55660 | Slime:5  | Found the ring of the Mage {Wiz Archmagi}
 55727 | Slime:5  | Reached XP level 25. HP: 216/216 MP: 42/42
 55730 | Slime:5  | Found a viscous altar of Jiyva.
 55813 | Slime:5  | Noticed the Royal Jelly
 55829 | Slime:5  | Killed the Royal Jelly
 55836 | Slime:5  | Gained mutation: Armour fits poorly on your strangely
                  | shaped body. [mutagenic glow]
 55856 | Slime:5  | Identified the +3 chain mail "Radolul" {Rampage rElec
                  | Slay-6}
 55863 | Slime:5  | Got a starry gem with 305 turns to spare
 55892 | Slime:5  | Got a slimy rune of Zot
 55893 | Slime:5  | Identified the ring "Uzoerghir" {Ice Will+ Int+2 Dex+2}
 56034 | Slime:5  | Identified the +7 quarterstaff of the Snake Pit {protect,
                  | rCorr}
 56075 | Slime:5  | Identified the +2 gold dragon scales of Hitar {rPois rF+
                  | rC+ Int+3}
 56084 | Slime:5  | Identified the ring "Xoihuag" {rElec rN+ AC+4 Str+6 Int+4}
 56089 | Slime:5  | Identified the +4 quarterstaff of Gehenna {venom, rC+ rCorr
                  | SInv}
 56117 | Slime:5  | Learned a level 1 spell: Apportation
 58546 | Vaults:5 | Entered Level 5 of the Vaults
 58555 | Vaults:5 | Reached skill level 10 in Shapeshifting
 58555 | Vaults:5 | Noticed a dread lich
 58713 | Vaults:4 | Killed a dread lich
 59069 | Vaults:5 | Identified the +4 hand axe of Disgust {freeze, rElec rCorr
                  | Dex+3}
 59143 | Vaults:5 | Noticed an ancient lich
 59146 | Vaults:5 | Killed an ancient lich
 59303 | Vaults:5 | Identified the +8 crystal plate armour of Uzikk {Dex+7}
 59313 | Vaults:5 | Identified the +2 war axe of Action {flame, rF+ Str-3
                  | Int+4}
 59373 | Vaults:5 | Noticed a dread lich
 59380 | Vaults:5 | Killed a dread lich
 59385 | Vaults:5 | Reached XP level 26. HP: 179/224 MP: 16/42
 59806 | Vaults:5 | Found Wetuhime's Magic Scroll Boutique.
 59811 | Vaults:5 | Bought a scroll of teleportation for 66 gold pieces
 59811 | Vaults:5 | Bought a scroll of acquirement for 1144 gold pieces
 59811 | Vaults:5 | Acquired the Guide on Mischance and the Blink Frog
 59911 | Vaults:5 | Got a silver rune of Zot
 59974 | Vaults:5 | Acquired the +1 pair of gloves of Rotation {rF+}
 60078 | Vaults:5 | Identified the +10 plate armour of the Furies {rElec Dex+2
                  | Stlth+}
 60103 | Vaults:5 | Found Ywuihev's Magic Scroll Shoppe.
 60108 | Vaults:5 | Bought a scroll of revelation for 180 gold pieces
 60108 | Vaults:5 | Bought a scroll of poison for 96 gold pieces
 60112 | Vaults:5 | Found Leutimei's Magic Scroll Shop.
 60116 | Vaults:5 | Bought a scroll of teleportation for 51 gold pieces
 60278 | Vaults:5 | Identified the +2 plate armour "Zucypn" {Str+3}
 60304 | Vaults:5 | Identified the +7 mace of Trauma {flame, Dex+3}
 60795 | Zot:1    | Entered Level 1 of the Realm of Zot
 61142 | Vaults:2 | Bought the +2 helmet "Jeeref" {rPois Will+ SInv} for 781
                  | gold pieces
 61565 | Zot:1    | Reached skill level 15 in Shapeshifting
 62080 | Zot:1    | Noticed an ancient lich
 62085 | Zot:1    | Killed an ancient lich
 62823 | Zot:1    | Noticed an ancient lich
 62829 | Zot:1    | Killed an ancient lich
 62978 | Zot:2    | Noticed Grunn
 62986 | Zot:2    | Killed Grunn
 64262 | Zot:3    | Noticed Vv
 64509 | Zot:3    | Reached XP level 27. HP: 231/231 MP: 42/42
 64534 | Zot:3    | Killed Vv
 66370 | Zot:4    | Gained mutation: You have a pair of small horns on your
                  | head. [a shining eye]
 66383 | Zot:4    | Lost mutation: You are robust. (+10% HP) [potion of
                  | mutation]
 66383 | Zot:4    | Lost mutation: Your spells are a little harder to cast, but
                  | a little more powerful. [potion of mutation]
 66383 | Zot:4    | Lost mutation: Armour fits poorly on your strangely shaped
                  | body. [potion of mutation]
 66383 | Zot:4    | Gained mutation: You have a pair of horns on your head.
                  | [potion of mutation]
 66383 | Zot:4    | Gained mutation: You have hidden genetic potential. [potion
                  | of mutation]
 66384 | Zot:4    | Lost mutation: You have hidden genetic potential. [potion
                  | of mutation]
 66384 | Zot:4    | Lost mutation: You have a pair of horns on your head.
                  | [potion of mutation]
 66384 | Zot:4    | Gained mutation: You are vulnerable to cold. (rC-) [potion
                  | of mutation]
 66385 | Zot:4    | Lost mutation: You are vulnerable to cold. (rC-) [potion of
                  | mutation]
 66385 | Zot:4    | Lost mutation: You have a pair of small horns on your head.
                  | [potion of mutation]
 66385 | Zot:4    | Gained mutation: Your flesh is heat resistant. (rF+)
                  | [potion of mutation]
 66385 | Zot:4    | Gained mutation: Your mind is acute. (Int +4, Str/Dex -1)
                  | [potion of mutation]
 66398 | Zot:4    | Gained mutation: You have hidden genetic defects. [a
                  | shining eye]
 66399 | Zot:4    | Gained mutation: Your magical capacity is low. (-10% MP) [a
                  | shining eye]
 66416 | Zot:4    | Lost mutation: You have hidden genetic defects. [potion of
                  | mutation]
 66416 | Zot:4    | Lost mutation: Your flesh is heat resistant. (rF+) [potion
                  | of mutation]
 66416 | Zot:4    | Lost mutation: Your mind is acute. (Int +4, Str/Dex -1)
                  | [potion of mutation]
 66416 | Zot:4    | Gained mutation: You are clumsy. (Dex -2) [potion of
                  | mutation]
 66416 | Zot:4    | Gained mutation: You are partially covered in iridescent
                  | scales. (AC +2) [potion of mutation]
 66417 | Zot:4    | Lost mutation: Your magical capacity is low. (-10% MP)
                  | [potion of mutation]
 66417 | Zot:4    | Lost mutation: You are partially covered in iridescent
                  | scales. (AC +2) [potion of mutation]
 66417 | Zot:4    | Lost mutation: You are clumsy. (Dex -2) [potion of
                  | mutation]
 66417 | Zot:4    | Gained mutation: Your system is resistant to poisons.
                  | (rPois) [potion of mutation]
 66952 | Zot:4    | Noticed Parghit
 67163 | Zot:4    | Killed Parghit
 67325 | Zot:5    | Entered Level 5 of the Realm of Zot
 67670 | Zot:5    | Noticed an ancient lich
 67679 | Zot:5    | Killed an ancient lich
 67680 | Zot:5    | Noticed an orb of fire
 67687 | Zot:5    | Killed an orb of fire
 67688 | Zot:5    | Noticed an orb of fire
 67691 | Zot:5    | Killed an orb of fire
 67693 | Zot:5    | Noticed an ancient lich
 67713 | Zot:5    | Noticed an orb of fire
 67713 | Zot:5    | Noticed an orb of fire
 67713 | Zot:5    | Noticed an orb of fire
 67713 | Zot:5    | Gained mutation: You have hidden genetic defects. [an orb
                  | of fire]
 67720 | Zot:5    | Killed an ancient lich
 67841 | Zot:5    | Killed an orb of fire
 67896 | Zot:5    | Gained mutation: You occasionally shout uncontrollably at
                  | your foes. [hidden defects]
 68018 | Zot:5    | Noticed a dread lich
 68022 | Zot:5    | Killed a dread lich
 68163 | Zot:5    | Killed an orb of fire
 68225 | Zot:5    | Gained mutation: You are frail. (-10% HP) [hidden defects]
 68225 | Zot:5    | Lost mutation: You have hidden genetic defects. [hidden
                  | defects expressed]
 68231 | Zot:5    | Killed an orb of fire
 68441 | Zot:5    | Lost mutation: Your system is resistant to poisons. (rPois)
                  | [potion of mutation]
 68441 | Zot:5    | Lost mutation: You are frail. (-10% HP) [potion of
                  | mutation]
 68441 | Zot:5    | Gained mutation: Your spells are a little harder to cast,
                  | but a little more powerful. [potion of mutation]
 68441 | Zot:5    | Gained mutation: You sometimes lose your temper in combat.
                  | [potion of mutation]
 68441 | Zot:5    | Gained mutation: Your mind is acute. (Int +4, Str/Dex -1)
                  | [potion of mutation]
 68442 | Zot:5    | Lost mutation: You sometimes lose your temper in combat.
                  | [potion of mutation]
 68442 | Zot:5    | Lost mutation: You occasionally shout uncontrollably at
                  | your foes. [potion of mutation]
 68442 | Zot:5    | Lost mutation: Your spells are a little harder to cast, but
                  | a little more powerful. [potion of mutation]
 68442 | Zot:5    | Gained mutation: You have hidden genetic defects. [potion
                  | of mutation]
 68442 | Zot:5    | Gained mutation: Armour fits poorly on your strangely
                  | shaped body. [potion of mutation]
 68443 | Zot:5    | Lost mutation: Your mind is acute. (Int +4, Str/Dex -1)
                  | [potion of mutation]
 68443 | Zot:5    | Lost mutation: You have hidden genetic defects. [potion of
                  | mutation]
 68443 | Zot:5    | Gained mutation: You are dopey. (Int -2) [potion of
                  | mutation]
 68443 | Zot:5    | Gained mutation: Your flesh is cold resistant. (rC+)
                  | [potion of mutation]
 68444 | Zot:5    | Lost mutation: Armour fits poorly on your strangely shaped
                  | body. [potion of mutation]
 68444 | Zot:5    | Lost mutation: Your flesh is cold resistant. (rC+) [potion
                  | of mutation]
 68444 | Zot:5    | Lost mutation: You are dopey. (Int -2) [potion of mutation]
 68444 | Zot:5    | Gained mutation: Armour fits poorly on your strangely
                  | shaped body. [potion of mutation]
 68444 | Zot:5    | Gained mutation: Your health recovers twice as slowly from
                  | being drained. [potion of mutation]
 68444 | Zot:5    | Gained mutation: You possess an exceptional clarity of
                  | mind. [potion of mutation]
 68445 | Zot:5    | Lost mutation: Armour fits poorly on your strangely shaped
                  | body. [potion of mutation]
 68445 | Zot:5    | Lost mutation: You possess an exceptional clarity of mind.
                  | [potion of mutation]
 68445 | Zot:5    | Lost mutation: Your health recovers twice as slowly from
                  | being drained. [potion of mutation]
 68445 | Zot:5    | Gained mutation: Your flesh is cold resistant. (rC+)
                  | [potion of mutation]
 68445 | Zot:5    | Gained mutation: You have a pair of small antennae on your
                  | head. [potion of mutation]
 68445 | Zot:5    | Gained mutation: You are robust. (+10% HP) [potion of
                  | mutation]
 68446 | Zot:5    | Lost mutation: You have a pair of small antennae on your
                  | head. [potion of mutation]
 68446 | Zot:5    | Lost mutation: Your flesh is cold resistant. (rC+) [potion
                  | of mutation]
 68446 | Zot:5    | Lost mutation: You are robust. (+10% HP) [potion of
                  | mutation]
 68446 | Zot:5    | Gained mutation: Your spells are a little harder to cast,
                  | but a little more powerful. [potion of mutation]
 68446 | Zot:5    | Gained mutation: You are partially covered in iridescent
                  | scales. (AC +2) [potion of mutation]
 68446 | Zot:5    | Gained mutation: You are frail. (-10% HP) [potion of
                  | mutation]
 68446 | Zot:5    | Gained mutation: Your mind is acute. (Int +4, Str/Dex -1)
                  | [potion of mutation]
 68956 | Elf:3    | Bought a talisman of death for 1440 gold pieces
 69387 | Tomb:1   | Entered Level 1 of the Tomb of the Ancients
 69757 | Tomb:1   | Noticed a royal mummy
 69765 | Tomb:1   | Killed a royal mummy
 70169 | Tomb:2   | Noticed a royal mummy
 70169 | Tomb:2   | Noticed a royal mummy
 70169 | Tomb:2   | Noticed a royal mummy
 70169 | Tomb:2   | Noticed a royal mummy
 70177 | Tomb:2   | Killed a royal mummy
 70186 | Tomb:2   | Killed a royal mummy
 70188 | Tomb:2   | Killed a royal mummy
 70194 | Tomb:2   | Killed a royal mummy
 70514 | Tomb:2   | Paralysed by a Zot trap for 5 turns
 70767 | Tomb:1   | Noticed a royal mummy
 70767 | Tomb:1   | Noticed a royal mummy
 70773 | Tomb:1   | Killed a royal mummy
 70776 | Tomb:1   | Noticed a royal mummy
 70781 | Tomb:1   | Killed a royal mummy
 70784 | Tomb:1   | Killed a royal mummy
 70785 | Tomb:1   | Reached skill level 1 in Stealth
 70844 | Tomb:1   | Noticed a royal mummy
 70846 | Tomb:1   | Noticed a royal mummy
 70851 | Tomb:1   | Killed a royal mummy
 70853 | Tomb:1   | Noticed a royal mummy
 70854 | Tomb:1   | Killed a royal mummy
 70857 | Tomb:1   | Killed a royal mummy
 70877 | Tomb:1   | Noticed a royal mummy
 70890 | Tomb:1   | Killed a royal mummy
 70913 | Tomb:1   | Noticed a royal mummy
 70921 | Tomb:1   | Killed a royal mummy
 70947 | Tomb:1   | Noticed a royal mummy
 70952 | Tomb:1   | Killed a royal mummy
 70955 | Tomb:1   | Noticed a royal mummy
 70962 | Tomb:1   | Killed a royal mummy
 70993 | Tomb:1   | Noticed a royal mummy
 70993 | Tomb:1   | Noticed a royal mummy
 70996 | Tomb:1   | Noticed a royal mummy
 70998 | Tomb:1   | Noticed a royal mummy
 70999 | Tomb:1   | Killed a royal mummy
 70999 | Tomb:1   | Noticed a royal mummy
 71000 | Tomb:1   | Killed a royal mummy
 71004 | Tomb:1   | Killed a royal mummy
 71008 | Tomb:1   | Killed a royal mummy
 71010 | Tomb:1   | Killed a royal mummy
 71292 | Tomb:3   | Entered Level 3 of the Tomb of the Ancients
 71301 | Tomb:3   | Noticed a royal mummy
 71301 | Tomb:3   | Noticed a royal mummy
 71314 | Tomb:3   | Identified the staff "Yqaogiom" {rC- rN+ Str+4 Dex+5 Necro}
 71334 | Tomb:3   | Noticed a royal mummy
 71338 | Tomb:3   | Killed a royal mummy
 71353 | Tomb:2   | Killed a royal mummy
 71445 | Tomb:3   | Found the +6 Majin-Bo {spellvamp, MP+6 Int+6}
 71453 | Tomb:3   | Identified the +2 hand axe of Seumoss {freeze, Int+6 Dex+2}
 71457 | Tomb:3   | Identified the ring "Firan" {rC+ rN+ rCorr Int+3}
 71463 | Tomb:3   | Identified the +7 dagger of Seusija {elec, rN+}
 71467 | Tomb:3   | Identified the amulet of Caimnuog {Reflect ^Fragile rElec
                  | rC++ MP+9 SH+5}
 71473 | Tomb:3   | Identified the +5 scimitar of Kattio {spect, rF+ rCorr
                  | Dex-5}
 71482 | Tomb:3   | Identified the +1 falchion "Hoxulu" {freeze, rC+}
 71499 | Tomb:3   | Identified the +2 lajatang "Anugaq" {chaos, *Slow Str+2
                  | Dex+6 SInv}
 71509 | Tomb:3   | Noticed a royal mummy
 71516 | Tomb:3   | Killed a royal mummy
 71625 | Tomb:3   | Killed a royal mummy
 72077 | Tomb:3   | Noticed a royal mummy
 72084 | Tomb:3   | Noticed a royal mummy
 72089 | Tomb:3   | Killed a royal mummy
 72093 | Tomb:3   | Killed a royal mummy
 72147 | Tomb:3   | Noticed a royal mummy
 72151 | Tomb:3   | Killed a royal mummy
 72151 | Tomb:3   | Noticed a royal mummy
 72154 | Tomb:3   | Killed a royal mummy
 72209 | Tomb:3   | Noticed a royal mummy
 72217 | Tomb:3   | Killed a royal mummy
 72298 | Tomb:3   | Got a golden rune of Zot
 72755 | D:14     | Bought the +7 hand cannon "Mule" {flame, backblast, rF+}
                  | for 2267 gold pieces
 72755 | D:14     | Found the +7 hand cannon "Mule" {flame, backblast, rF+}
 72878 | Hell     | Entered the Vestibule of Hell
 72878 | Hell     | Noticed Geryon
 72889 | Hell     | Killed Geryon
 72917 | Depths:1 | Reached skill level 5 in Stealth
 73355 | Hell     | Found a gateway to the freezing wastes of Cocytus.
 73518 | Hell     | Found a gateway to the decaying netherworld of Tartarus.
 73604 | Hell     | Found a gateway to the ashen valley of Gehenna.
 73666 | Hell     | Found a gateway to the Iron City of Dis.
 73855 | Coc:1    | Entered Level 1 of Cocytus
 74100 | Coc:2    | Paralysed by a wendigo for 1 turns
 74493 | Coc:3    | Learned a level 8 spell: Disjunction
 75312 | Coc:6    | Reached skill level 19 in Ranged Weapons
 75569 | Coc:7    | Entered Level 7 of Cocytus
 75776 | Coc:7    | Paralysed by a wendigo for 1 turns
 75930 | Coc:7    | Noticed Antaeus
 75952 | Coc:7    | Killed Antaeus
 75959 | Coc:7    | Identified the staff of Nerut {rPois rF+ Int+3 Stlth+ Fire
                  | Ice}
 75966 | Coc:7    | Got an icy rune of Zot
 76115 | Coc:7    | Reached skill level 15 in Translocations
 76369 | Coc:7    | Identified the +1 leather armour "Zashaasm" {Int+4}
 76372 | Coc:7    | Identified the +2 sling "Ruduta" {speed, rF++ Will+ Int+3}
 76877 | Pan      | Entered Pandemonium
 76888 | Pan      | Reached skill level 15 in Evocations
 77112 | Pan      | Noticed Yfiheq the pandemonium lord
 77120 | Pan      | Killed Yfiheq the pandemonium lord
 77317 | Pan      | Got a demonic rune of Zot
 77497 | Pan      | Noticed Peuni the pandemonium lord
 77501 | Pan      | Killed Peuni the pandemonium lord
 78075 | Pan      | Noticed Plog the pandemonium lord
 78084 | Pan      | Killed Plog the pandemonium lord
 78550 | Pan      | Entered the realm of Lom Lobon.
 78771 | Pan      | Identified the +1 cloak "Unyfolic" {Str+3}
 79060 | Pan      | Noticed Lom Lobon
 79072 | Pan      | Killed Lom Lobon
 79090 | Pan      | Got a magical rune of Zot
 79646 | Pan      | Noticed Zuish the pandemonium lord
 79656 | Pan      | Killed Zuish the pandemonium lord
 79696 | Pan      | Reached skill level 20 in Ranged Weapons
 79942 | Pan      | Found a runed translucent door.
 80171 | Pan      | Found a runed translucent door.
 80220 | Pan      | Found a runed translucent door.
 80230 | Pan      | Found a runed translucent door.
 80238 | Pan      | Noticed Xemueles the pandemonium lord
 80249 | Pan      | Killed Xemueles the pandemonium lord
 80440 | Pan      | Found an exit through the horrors of the Abyss.
 81048 | Pan      | Noticed Imiaph the pandemonium lord
 81050 | Pan      | Reached skill level 15 in Dodging
 81054 | Pan      | Killed Imiaph the pandemonium lord
 81684 | Pan      | Reached skill level 10 in Stealth
 81778 | Pan      | Entered the realm of Gloorx Vloq.
 82419 | Pan      | Acquired 561 gold pieces
 82967 | Pan      | Noticed Gloorx Vloq
 82974 | Pan      | Killed Gloorx Vloq
 83027 | Pan      | Got a dark rune of Zot
 83260 | Pan      | Noticed Zaxeij the pandemonium lord
 83266 | Pan      | Killed Zaxeij the pandemonium lord
 83289 | Pan      | Reached skill level 21 in Ranged Weapons
 83486 | Pan      | Noticed Zefraot the pandemonium lord
 83491 | Pan      | Killed Zefraot the pandemonium lord
 83686 | Pan      | Found an exit through the horrors of the Abyss.
 83770 | Pan      | Entered the realm of Cerebov.
 83915 | Pan      | Identified the +7 great mace of Dissolution {drain, Str+2}
 83915 | Pan      | Identified the ring of Spontaneous Combustion {*Corrode
                  | rPois rF+ rN+ Int+2}
 83988 | Pan      | Identified the +7 hand cannon "Jine" {flame, rN++}
 83996 | Pan      | Identified the ring of Jecianaff {Dex+4 SInv}
 84012 | Pan      | Found the +6 sword of Cerebov {flame}
 84012 | Pan      | Noticed Cerebov
 84032 | Pan      | Killed Cerebov
 84142 | Pan      | Got a fiery rune of Zot
 84198 | Pan      | Got the Information on Scree and Wicked Mysteries
 84455 | Pan      | Got Sif Muna's Almanac of Chilling Combat Magic
 84505 | Pan      | Identified the staff of Guchoosu {Str+3 Earth}
 84546 | Pan      | Got Sif Muna's Meditations on the Torch and the Wendigo
 84845 | Pan      | Noticed Ignacio
 84855 | Pan      | Killed Ignacio
 85039 | Pan      | Noticed Gott the pandemonium lord
 85064 | Pan      | Killed Gott the pandemonium lord
 85210 | Pan      | Noticed Igeis the pandemonium lord
 85218 | Pan      | Killed Igeis the pandemonium lord
 85446 | Pan      | Noticed Saeraq the pandemonium lord
 85455 | Pan      | Killed Saeraq the pandemonium lord
 85803 | Pan      | Reached skill level 22 in Ranged Weapons
 86024 | Pan      | Noticed Jesenesa the pandemonium lord
 86029 | Pan      | Killed Jesenesa the pandemonium lord
 86208 | Pan      | Noticed Ygoborph the pandemonium lord
 86213 | Pan      | Killed Ygoborph the pandemonium lord
 86254 | Pan      | Entered the realm of Mnoleg.
 86254 | Pan      | Found an exit through the horrors of the Abyss.
 86411 | Pan      | Noticed Mnoleg
 86425 | Pan      | Killed Mnoleg
 86472 | Pan      | Got a glowing rune of Zot
 86753 | Pan      | Took an exit into the Abyss.
 86753 | Abyss:1  | Escaped into the Abyss
 86753 | Abyss:1  | Found a corrupted altar of Lugonu.
 87090 | Abyss:3  | Found a corrupted altar of Lugonu.
 87127 | Abyss:3  | Found a corrupted altar of Lugonu.
 87856 | Abyss:3  | Got an abyssal rune of Zot
 87882 | Abyss:3  | Found a corrupted altar of Lugonu.
 87946 | Depths:4 | Escaped the Abyss
 87955 | Depths:4 | Bought a smoking iron ring for 160 gold pieces
 87955 | Depths:4 | Identified the ring of Luhuplar {rF+ EV+5 Int+4} (You
                  | bought it in a shop on level 4 of the Depths)
 88030 | Tar:1    | Entered Level 1 of Tartarus
 88213 | Tar:1    | Noticed an ancient lich
 88221 | Tar:1    | Killed an ancient lich
 88404 | Tar:2    | Reached skill level 23 in Ranged Weapons
 88856 | Tar:4    | You fall into a shaft and drop 1 floor!
 89442 | Tar:7    | Entered Level 7 of Tartarus
 90096 | Tar:7    | Noticed a dread lich
 90097 | Tar:7    | Noticed a dread lich
 90098 | Tar:7    | Reached skill level 24 in Ranged Weapons
 90098 | Tar:7    | Paralysed by a dread lich for 3 turns
 90099 | Tar:7    | Noticed an ancient lich
 90103 | Tar:7    | Killed a dread lich
 90105 | Tar:7    | Killed an ancient lich
 90110 | Tar:7    | Killed a dread lich
 90120 | Tar:7    | Identified the +1 halberd "Kuenn" {flame, rElec rPois rF+}
 90138 | Tar:7    | Identified the +1 long sword of Poverty {venom, Int+6}
 90141 | Tar:7    | Identified the +4 great sword "Luysiorch" {freeze, Str+3}
 90472 | Tar:7    | Identified the +5 whip of Subjectivity {flame, *Noise rElec
                  | rPois rCorr}
 90523 | Tar:7    | Identified the +6 spear of Posenn {drain, Dex+2}
 90679 | Tar:7    | Noticed Ereshkigal
 90704 | Tar:7    | Killed Ereshkigal
 90734 | Tar:7    | Got a bone rune of Zot
 90956 | Dis:1    | Entered Level 1 of the Iron City of Dis
 90973 | Dis:1    | Noticed an ancient lich
 90977 | Dis:1    | Killed an ancient lich
 91477 | Dis:3    | Reached skill level 15 in Stealth
 91480 | Dis:3    | Reached skill level 25 in Ranged Weapons
 91982 | Dis:7    | Entered Level 7 of the Iron City of Dis
 92579 | Dis:7    | Reached skill level 26 in Ranged Weapons
 93140 | Dis:7    | Noticed a juggernaut
 93146 | Dis:7    | Killed a juggernaut
 93276 | Dis:7    | Noticed a juggernaut
 93284 | Dis:7    | Killed a juggernaut
 93305 | Dis:7    | Identified the ring "Lusom" {rC+ Will+}
 93475 | Dis:7    | Reached skill level 27 in Ranged Weapons
 93480 | Dis:7    | Reached skill level 1 in Fire Magic
 93658 | Dis:7    | Noticed a juggernaut
 93664 | Dis:7    | Killed a juggernaut
 93669 | Dis:7    | Noticed Dispater
 93680 | Dis:7    | Killed Dispater
 93706 | Dis:7    | Identified the +8 plate armour of the Hecatoncheires
                  | {rPois}
 93711 | Dis:7    | Got an iron rune of Zot
 93835 | Dis:7    | Identified the ring of Secrets {Wiz rF+ Will+}
 93974 | Geh:1    | Entered Level 1 of Gehenna
 94095 | Geh:1    | Identified the amulet "Imoschog" {Reflect Will+ SH+5}
 95270 | Geh:5    | Found a corrupted altar of Lugonu.
 95415 | Geh:7    | Entered Level 7 of Gehenna
 95754 | Geh:7    | Noticed the Serpent of Hell
 95762 | Geh:7    | Killed the Serpent of Hell
 96003 | Geh:7    | Found the +13 sceptre of Asmodeus
 96003 | Geh:7    | Noticed Asmodeus
 96024 | Geh:7    | Killed Asmodeus
 96056 | Geh:7    | Got an obsidian rune of Zot
 96779 | Zot:5    | Got the Orb of Zot
 97169 | D:11     | Noticed Icydayck the pandemonium lord
 97176 | D:11     | Killed Icydayck the pandemonium lord
 97280 | D:2      | Noticed Feut the pandemonium lord
 97280 | D:2      | Noticed an ancient lich
 97285 | D:2      | Killed an ancient lich
 97287 | D:2      | Killed Feut the pandemonium lord
 97376 | D:$      | Escaped with the Orb!

Illustrated notes

Levels and vault maps discovered:
D:1:      dpeg_arrival_arbitrary_a, layout_basic, chequers_jeans
D:2:      layout_basic
D:3:      layout_rooms
D:4:      layout_cave_pools, trog_three_pillars_becter, amcnicky_altar_gilded
D:5:      layout_basic, mainiacjoe_overflow_concentric_impassable,
          nicolae_wu_jian_glorious_leap, kennysheep_generic_room_2
D:6:      layout_basic, minmay_misc_feat_rows, chequers_serial_rivers_room_b
D:7:      layout_rooms, nicolae_uskayaw_dance_studio, minmay_temple_entry_tees
D:8:      layout_basic, serial_curves, eino_curves_04, eino_curves_04,
          uniq_joseph, uniq_amaemon, uniq_maurice, uniq_erica
D:9:      layout_basic, mainiacjoe_overflow_two_lobes, orc_0_dummy
D:10:     layout_basic
D:11:     layout_stronghold, due_lair_maze_entry_diamond,
          gauntlet_entry_generic, yredelemnul_altar_generic
D:12:     layout_long_grid, uniq_jorgrun
D:13:     layout_long_grid, nicolae_shop_distant_corner_stores,
          grunt_dithmenos_shadows, uniq_azrael
D:14:     layout_roguey, david_vaults_2, chequers_serial_rivers_small_b,
          gammafunk_ghost_split, serial_bayou_lake_a, uniq_nessos
D:15:     gammafunk_enter_depths_forms, layout_rooms, special_room
          [special_room_orc], roderic_cross_of_infinity, cheibriados_altar_1
Temple:   regret_index_temple_waves
Lair:1:   layout_roguey, gammafunk_ghost_grave, serial_bayou_shore_b,
          serial_bayou_shore_a, grunt_megastairs_5
Lair:2:   layout_small_grid, guppyfry_snake_entry_garden,
          portal_ice_cave_entry_ice_simulacra, nicolae_lair_lindhole
Lair:3:   nzn_winding_woodlands_small [nzn_winding_woodlands_5x15_parted,
          nzn_winding_woodlands_center_lodge,
          nzn_winding_woodlands_5x15_pathside_ponds], layout_small_grid,
          minmay_swamp_entry_worms, basic_altar, uniq_gastronok
Lair:4:   pond_and_an_island_with_a_cottage, layout_big_grid, slime_entry_1,
          uniq_josephine
Lair:5:   guppyfry_lair_end_dragon, layout_gridlike, wormcave, st_stairs_6,
          infiniplex_staircase_pool, lemuel_fruit_fields
Swamp:1:  layout_basic_swamp, hangedman_swamp_ruin_wall,
          infiniplex_staircase_pool_2, uniq_frances, uniq_donald, uniq_nikola
Swamp:2:  layout_basic_swamp, gammafunk_ghost_grave, basic_altar,
          swamp_pool_1_2, nicolae_swamp_catching_bugs
Swamp:3:  layout_falls_marsh, evilmike_swamp_ruin_house_6
Swamp:4:  swamp_alternative, layout_basic_swamp, swamp_pool_4,
          nicolae_swamp_triple_paths
Snake:1:  layout_chambers, serial_shops, nicolae_square_shop,
          hangedman_snake_sidewinding
Snake:2:  gammafunk_the_bubble [the_bubble_gammafunk_grid], layout_chambers,
          serial_bayou_pond_a, uniq_aizul, uniq_vashnia
Snake:3:  layout_onion_interference
Snake:4:  hellmonk_snake_rune_quicksilver_temple, layout_rooms,
          nicolae_shop_unique_rings, uniq_roxanne
Slime:1:  layout_caves
Slime:2:  layout_caves
Slime:3:  layout_caves, nicolae_slime_welcoming_committee
Slime:4:  layout_caves
Slime:5:  slime_pit_nicolae_jellycorners
Orc:1:    layout_caves, nicolae_shop_clearance
Orc:2:    grunt_orc_community_town_hall, layout_caves,
          grunt_orc_community_big_house_2, grunt_orc_community_big_house_2,
          grunt_orc_community_house_2, grunt_orc_community_house_1,
          grunt_orc_community_house_3, grunt_orc_community_house_3,
          grunt_orc_community_house_1, minmay_orc_temple_a
Elf:1:    minmay_elf_arrival_summoners, layout_loops_cross, drop_trap
Elf:2:    elven_hall_of_blades_hangedman_original [nicolae_blade_tridents],
          layout_loops_corners, serial_shops, shop, dk_noncrumbling_3
Elf:3:    elf_hall_gauntlet_narrow, layout_geoelf_octagon, serial_shops, shop,
          minivault_20, nicolae_wwwww, minmay_shop_grove
Vaults:1: nicolae_vaults_trapezoid_lopsided_4,
          nicolae_vaults_offset_grid_hallway_2,
          nicolae_vaults_trapezoid_lopsided_2, v_misc_15,
          ontoclasm_vaults_fault, nicolae_vaults_tetromino_L_2,
          nicolae_vaults_more_shelving_2, nicolae_vaults_trapezoid_lopsided_1,
          vaults_dpeg_hooks, nicolae_vaults_tetromino_T_2,
          nicolae_vaults_trapezoid_2, layout_vaults_omnigrid, serial_shops,
          nicolae_shop_getting_attention
Vaults:2: infiniplex_enter_wizlab_spiral, minmay_crypt_entry_simple_corners,
          nicolae_vaults_yaktaur_gun_rack, v_misc_29,
          nicolae_vaults_closet_pinwheel_6, nicolae_vaults_theta,
          nicolae_vaults_rhombus_5, layout_vaults_ring, serial_shops, shop,
          shop, shop
Vaults:3: nicolae_vaults_mitosis, nicolae_vaults_steering_wheel,
          nicolae_vaults_network_barrier, nicolae_vaults_turnstiles,
          nicolae_vaults_library_corner, ontoclasm_vaults_gateway,
          vaults_standard_mumra_x, v_alt_pattern_4, nicolae_vaults_tangram_2,
          ontoclasm_vaults_loading_screen, nicolae_vaults_weapon_check,
          layout_vaults_omnicross
Vaults:4: lightli_orcish_oven, v_rooms_4, vaults_dpeg_cross,
          ontoclasm_vaults_bender, nicolae_vaults_big_angled_halls,
          ontoclasm_vaults_spin, nicolae_vaults_double_plus_1, v_misc_13,
          vaults_room_stairs_pillars, vaults_dpeg_doors,
          nicolae_vaults_sightless_eye, nicolae_vaults_closet_pinwheel_4,
          layout_vaults_chaotic_city
Vaults:5
Crypt:1:  layout_gridlike, nicolae_crypt_cryptocurrency,
          grunt_crypt_arrival_guarded_gate
Crypt:2:  layout_rooms
Crypt:3:  due_elkab, layout_chaotic_city, nicolae_tomb_entry_grand_gallery
Tomb:1
Tomb:2
Tomb:3
Depths:1: layout_long_grid, gammafunk_ghost_crypt, kennysheep_nub,
          grunt_metal_band, abandoned_shop, abandoned_shop, led_sif_pool,
          nicolae_triple_integral, serial_bayou_shore_b
Depths:2: hangedman_spin_cycle, hell_entry, pan_entry
Depths:3: wad_pebble_path, layout_basic, chequers_serial_rivers_small_b,
          hangedman_geh_valley, abyss_entry_flame_altar, grunt_pan_entry_spiral,
          infiniplex_staircase_trident
Depths:4: grunt_zot_entry_alcove, layout_twisted_cross, enter_ziggurat_f,
          rand_demon_pan_entry_3, hell_entry, abyss_entry_glasseish,
          hangedman_blasphemy
Hell
Dis:1:    layout_subdivisions, nicolae_dis_spooky_hallway
Dis:2:    layout_gridville, nicolae_dis_emergency_hatch
Dis:3:    layout_overlapping_boxes, nicolae_hells_seeping_fissure
Dis:4:    layout_overlapping_boxes
Dis:5:    layout_gridville
Dis:6:    layout_gridville
Dis:7:    dis_hangedman
Geh:1:    layout_gehenna_pools_triple, minmay_fire_ice_demons
Geh:2:    layout_gehenna_pools_triple
Geh:3:    nicolae_geh_i_lava_good_maze [nicolae_geh_lavamaze_diaghalf_recurse,
          nicolae_geh_lavamaze_diaghalf_squeeze]
Geh:4:    layout_gehenna_pools_triple, nicolae_geh_fourpack
Geh:5:    layout_gehenna_pools_triple, amcnicky_altar_lugonu_corruption
Geh:6:    layout_gehenna_lava_caves
Geh:7:    evilmike_geh
Coc:1:    layout_cocytus_water_paths, serial_ice
Coc:2:    layout_cocytus_water_paths
Coc:3:    layout_ice_bergs
Coc:4:    layout_ice_bergs
Coc:5:    layout_cocytus_delve
Coc:6:    layout_cocytus_delve
Coc:7:    coc_grunt
Tar:1:    layout_honeycomb, nicolae_tar_cuneiform_bread,
          nicolae_tar_cuneiform_heaven
Tar:2:    layout_catacombs
Tar:3:    layout_grid_maze
Tar:4:    layout_honeycomb
Tar:5:    layout_catacombs
Tar:6:    layout_grid_maze, nicolae_tar_grid_combs
Tar:7:    tar_old
Zot:1:    hangedman_snap_crack_crunch, layout_cathedral_of_symmetry
Zot:2:    layout_gridlike, lemuel_elevator, uniq_grunn
Zot:3:    layout_cathedral_of_symmetry, grunt_megastairs_4, uniq_josephina,
          uniq_vv
Zot:4:    regret_index_zot_pan_timeshare, layout_misc_corridors,
          nicolae_zig_zag_zippers, uniq_parghit
Zot:5:    layout_basic

Skill      XL: |  1  2  3  4  5  6  7  8  9 10 11 12 13 14 15 16 17 18 19 20 21 22 23 24 25 26 27 |
---------------+----------------------------------------------------------------------------------+-----
Ranged Weapons | 2 3 4 5 6 8 9 10 11 13 14 16 18 27 | 27.0
Fighting       | 2 3 5 6 7 8 9 10 11 12 13 14 15 16 23 | 23.8
Hexes          | 3 5 6 7 8 9 10 11 12 13 14 16 18 19 20 | 20.9
Translocations | 1 3 5 6 7 8 9 12 21 | 21.0
Spellcasting   | 2 4 5 6 7 8 9 11 12 14 15 19 | 19.7
Evocations     | 5 8 9 10 22 | 22.0
Dodging        | 2 4 6 8 9 10 11 20 | 20.1
Armour         | 1 4 6 7 9 10 11 14 | 14.9
Necromancy     | 6 8 |  8.0
Alchemy        | 5 6 |  6.6
Shapeshifting  | 5 13 17 23 | 23.0
Stealth        | 15 | 15.0
Fire Magic     | 2 |  2.4

Action                     |  1- 3 |  4- 6 |  7- 9 | 10-12 | 13-15 | 16-18 | 19-21 | 22-24 | 25-27 || total
---------------------------+-------+-------+-------+-------+-------+-------+-------+-------+-------++-------
  Melee: Sling             |       |       |     2 |       |       |       |       |       |       ||     2
   Fire: Sling             |   110 |   222 |   350 |  1084 |  1582 |   897 |   943 |   419 |     2 ||  5609
         Hand cannon       |       |       |       |       |   426 |   897 |   943 |  1583 | 10384 || 14233
   Cast: Blink             |       |       |    10 |    11 |    23 |    11 |     7 |    10 |    24 ||    96
         Inner Flame       |       |       |       |    17 |    19 |     5 |       |       |       ||    41
         Jinxbite          |       |       |       |     1 |       |       |       |       |       ||     1
         Cause Fear        |       |       |       |    13 |    21 |    24 |     2 |     1 |     1 ||    62
         Dimensional Bulls |       |       |       |       |     8 |    15 |    15 |     3 |    51 ||    92
         Fugue of the Fall |       |       |       |       |     1 |     1 |     4 |     3 |     2 ||    11
         Yara's Violent Un |       |       |       |       |       |       |    18 |     2 |    12 ||    32
         Discord           |       |       |       |       |       |       |    23 |    49 |   127 ||   199
         Dispersal         |       |       |       |       |       |       |     2 |     7 |    11 ||    20
         Apportation       |       |       |       |       |       |       |       |       |   146 ||   146
         Silence           |       |       |       |       |       |       |       |       |     4 ||     4
         Enfeeble          |       |       |       |       |       |       |       |       |    17 ||    17
         Disjunction       |       |       |       |       |       |       |       |       |     9 ||     9
 Invoke: Potion Petition   |       |       |     1 |     1 |       |       |       |       |     4 ||     6
         Call Merchant     |       |       |       |       |     4 |       |     4 |     2 |     7 ||    17
Ability: Begin Untransform |       |       |       |       |       |       |       |       |     2 ||     2
  Evoke: Wand              |       |       |       |       |     1 |     1 |       |       |    11 ||    13
         Phantom mirror    |       |       |       |       |       |     1 |       |       |     1 ||     2
         Condenser vane    |       |       |       |       |       |       |       |       |     1 ||     1
    Use: Potion            |       |       |     6 |     2 |       |       |       |       |    18 ||    26
         Scroll            |       |       |     1 |    22 |    24 |     4 |     6 |     6 |    20 ||    83
 Armour: Robe              |    17 |    15 |    53 |   127 |   159 |    85 |    85 |   168 |   673 ||  1382
  Dodge: Dodged            |    18 |    11 |    19 |    61 |    82 |   166 |   208 |   314 |  1782 ||  2661
         Repelled          |       |       |       |       |       |    11 |     9 |     4 |    37 ||    61
  Block: Other             |     4 |     7 |    13 |    24 |    27 |     1 |       |       |       ||    76
         Reflection        |       |       |     2 |     1 |     4 |     1 |       |       |       ||     8
   Form: Death             |       |       |       |       |       |       |       |       |     3 ||     3

Table legend: (Time is in decaauts)
 A = Elapsed time spent in this place.
 B = Non-inter-level travel time spent in this place.
 C = Inter-level travel time spent in this place.
 D = Time resting spent in this place.
 E = Time spent auto-exploring this place.
 F = Levels seen in this place.
 G = Mean time per level.
                   A        B        C        D        E       F      G
               +--------+--------+--------+--------+--------+-----+--------+
         Total | 100116 |  89821 |  10295 |  12367 |  52772 | 119 |  841.3 |
       Dungeon |  15414 |  12686 |   2728 |   1522 |   9036 |  15 | 1027.6 |
        Temple |     81 |      3 |     78 |      0 |      0 |   1 |   81.0 |
          Lair |   9914 |   8662 |   1252 |   1971 |   5211 |   5 | 1982.8 |
         Swamp |   3608 |   3461 |    147 |    537 |   2319 |   4 |  902.0 |
     Snake Pit |   4868 |   4627 |    241 |    243 |   3586 |   4 | 1217.0 |
    Slime Pits |   2736 |   2546 |    190 |      0 |   1866 |   5 |  547.2 |
  Orcish Mines |   2466 |   1802 |    664 |    261 |   1271 |   2 | 1233.0 |
   Elven Halls |   4785 |   4109 |    676 |    648 |   2510 |   3 | 1595.0 |
        Vaults |   9044 |   7875 |   1169 |   1107 |   5350 |   5 | 1808.8 |
         Crypt |   4909 |   4331 |    578 |    899 |   2485 |   3 | 1636.3 |
          Tomb |   3299 |   3044 |    255 |    520 |   1497 |   3 | 1099.7 |
        Depths |   5220 |   4459 |    761 |    519 |   2767 |   4 | 1305.0 |
          Hell |    985 |    817 |    168 |     91 |    533 |   1 |  985.0 |
           Dis |   2979 |   2858 |    121 |    404 |   1143 |   7 |  425.6 |
       Gehenna |   2604 |   2433 |    171 |    143 |   1133 |   7 |  372.0 |
       Cocytus |   3139 |   2939 |    200 |    331 |   1768 |   7 |  448.4 |
      Tartarus |   2887 |   2704 |    183 |    139 |   1229 |   7 |  412.4 |
           Zot |   7534 |   6828 |    706 |   1345 |   4219 |   5 | 1506.8 |
         Abyss |   1205 |   1205 |      0 |      0 |     75 |   4 |  301.2 |
   Pandemonium |   9888 |   9888 |      0 |    769 |   4181 |  24 |  412.0 |
      Ice Cave |    928 |    928 |      0 |    292 |    326 |   1 |  928.0 |
        Wizlab |    644 |    644 |      0 |     84 |    142 |   1 |  644.0 |
      Gauntlet |    969 |    969 |      0 |    534 |    118 |   1 |  969.0 |
               +--------+--------+--------+--------+--------+-----+--------+

Top non-repeatable levels by time:
  Lair:4: 3241 daAuts
 Crypt:3: 2648 daAuts
   Elf:3: 2067 daAuts
Vaults:2: 1988 daAuts
   Dis:7: 1954 daAuts
  Lair:5: 1938 daAuts
    D:11: 1875 daAuts
   Orc:2: 1858 daAuts
Vaults:5: 1857 daAuts
Vaults:3: 1801 daAuts
 Snake:1: 1786 daAuts
  Lair:3: 1776 daAuts
   Zot:1: 1768 daAuts
   Zot:3: 1756 daAuts
Vaults:4: 1727 daAuts
